Workbook
Name \0: #REF!
Name \0: #REF!
Name \0: #REF!
Name \0: #REF!
Name \0: #REF!
Name \00: #REF!
Name \00: #REF!
Name \00: #REF!
Name \00: #REF!
Name \00: #REF!
Name \a: #REF!
Name \a: #REF!
Name \a: #REF!
Name \a: #REF!
Name \AA: [20]LIQUIDACION!#REF!
Name \AA: [20]LIQUIDACION!#REF!
Name \b: [21]STRSUMM0!#REF!
Name \b: [21]STRSUMM0!#REF!
Name \bb: [21]STRSUMM0!#REF!
Name \bb: [21]STRSUMM0!#REF!
Name \E: #REF!
Name \E: #REF!
Name \E: #REF!
Name \EE: #REF!
Name \EE: #REF!
Name \EE: #REF!
Name \G: #REF!
Name \G: #REF!
Name \G: #REF!
Name \k: '[19]7422CW00'!#REF!
Name \k: '[19]7422CW00'!#REF!
Name \k: '[19]7422CW00'!#REF!
Name \l: [22]STRSUMM0!#REF!
Name \l: [22]STRSUMM0!#REF!
Name \l: [22]STRSUMM0!#REF!
Name \M: #REF!
Name \M: #REF!
Name \M: #REF!
Name \ñ: '[23]7422CW00'!#REF!
Name \ñ: '[23]7422CW00'!#REF!
Name \ñ: '[23]7422CW00'!#REF!
Name \P: #REF!
Name \P: #REF!
Name \P: #REF!
Name \R: #REF!
Name \R: #REF!
Name \R: #REF!
Name \s: #REF!
Name \s: #REF!
Name \s: #REF!
Name \s: #REF!
Name \s: #REF!
Name \V: #REF!
Name \V: #REF!
Name \X: '1,1'!ERR
Name \X: '1,2'!ERR
Name \X: '[13]3,2'!ERR
Name \X: '[13]3,2'!ERR
Name \X: '[13]3,2'!ERR
Name \X: '6,1'!ERR

Sheet MATRIZ DE MERCADO LA LT
A1: CUADRO DE ANÁLISIS DE MERCADO PROGRAMA DE MANTENIMIENTO RUTINARIO | K1: 0.0501 | L1: ICCP 2020
A2: No. | B2: NOMBRE DEL INSUMO O ACTIVIDAD | C2: UND. | D2: No. | E2: MEDIO DE DONDE CONSIGUIO LA INFORMACION | F2: FECHA | G2: NOMBRE DE LA FUENTE | H2: VALOR | I2: VALOR INDEXADO | J2: MEDIA ARITMETICA | K2: 0.0501 | L2: ICCP 2020
A4: 1 | B4: MATERIAL DE BASE GRANULAR NORMA INVIAS (Gradación 1) | C4: m3 | D4: 1 | E4: Listado de Referencia | F4: 44106 | G4: https://tienda.construdata.com/index.php?id_product=23&rewrite=drones-edicion-193&controller=product | H4: 36922 | I4: =+H4 -> 36922 | J4: =+ROUND(AVERAGE(I4:I5),0) -> 40172
D5: 2 | E5: Listado de Referencia | F5: 44106 | G5: INVIAS DIRECCION VALLE | H5: 41350 | I5: =+H5*$K$1+H5 -> 43421.635
D6: 3
A7: 2 | B7: CEMENTO GRIS PORTLAND. | C7: kg | D7: 1 | E7: Listado de Referencia | F7: 44106 | G7: https://tienda.construdata.com/index.php?id_product=23&rewrite=drones-edicion-193&controller=product | H7: 504 | I7: =+H7 -> 504 | J7: =+ROUND(AVERAGE(I7:I10),0) -> 473
D8: 2 | E8: Listado de Referencia | F8: 44106 | G8: INVIAS DIRECCION VALLE | H8: 402 | I8: =+H8*$K$1+H8 -> 422.1402
D9: 3 | E9: Listado de Referencia | F9: 44106 | G9: EASY CALI | H9: 524.71 | I9: =+H9 -> 524.71
D10: 4 | E10: Listado de Referencia | F10: 44106 | G10: HOME CENTER https://www.homecenter.com.co/homecenter-co/search/?Ntt=MANTO | H10: 440 | I10: =+H10 -> 440
A11: 3 | B11: Arena de Trituración | C11: m3 | D11: 2 | E11: Listado de Referencia | J11: =+ROUND(AVERAGE(I11:I12),0) -> 57482
D12: 3 | E12: Listado de Referencia | F12: 44106 | G12: INVIAS DIRECCION VALLE | H12: 54740 | I12: =+H12*$K$1+H12 -> 57482.474
A13: 4 | B13: Concreto 21 MPA - 3000 PSI | C13: m3 | D13: 1 | E13: Calculo para resistencia | F13: 44106 | G13: Aerocivil D.I.A. | H13: 283406 | I13: =+H13*$K$1+H13 -> 297604.64 | J13: =+ROUND(AVERAGE(I13:I14),0) -> 326341
D14: 1 | E14: Listado de Referencia | F14: 44106 | G14: DRONES - edición 193 (construdata.com) | H14: 355078 | I14: =+H14 -> 355078
A15: 5 | B15: Concreto 28 MPA - 4000 PSI | C15: m3 | D15: 2 | E15: Calculo para resistencia | F15: 44106 | G15: Aerocivil D.I.A. | H15: 322712 | I15: =+H15*$K$1+H15 -> 338879.87 | J15: =+ROUND(AVERAGE(I15:I16),0) -> 364240
D16: 2 | E16: Calculo para resistencia | F16: 44106 | G16: DRONES - edición 193 (construdata.com) | H16: 389600 | I16: =+H16 -> 389600
A17: 6 | B17: Concreto MR 4,3 MPA | C17: m3 | D17: 3 | E17: Calculo para resistencia | F17: 44106 | G17: Aerocivil D.I.A. | H17: 475544 | I17: =+H17*$K$1+H17 -> 499368.75 | J17: =+ROUND(AVERAGE(I17:I18),0) -> 485112
D18: 3 | E18: Calculo para resistencia | F18: 44106 | G18: DRONES - edición 193 (construdata.com) | H18: 470856 | I18: =+H18 -> 470856
A19: 7 | B19: Emulsion para Selllo de Fisuras En Pavimentos Según Especificacion Invias 466-13 (CRR-2) | C19: Lt | D19: 1 | E19: Listado de Referencia | F19: 44106 | G19: INVIAS DIRECCION CAUCA | H19: 1309 | I19: =+H19*$K$1+H19 -> 1374.5809 | J19: =+ROUND(AVERAGE(I19:I20),0) -> 1325
D20: 2 | E20: Listado de Referencia | F20: 44106 | G20: INVIAS DIRECCION VALLE | H20: 1214 | I20: =+H20*$K$1+H20 -> 1274.8214
A21: 8 | B21: Acero Figurado (Fy 60,000 PSI) | C21: kg | D21: 1 | E21: Listado de Referencia | F21: 44106 | G21: INVIAS DIRECCION CAUCA | H21: 2911 | I21: =+H21*$K$1+H21 -> 3056.8411 | J21: =+ROUND(AVERAGE(I21:I22),0) -> 2762
D22: 2 | E22: Listado de Referencia | F22: 44106 | G22: INVIAS DIRECCION VALLE | H22: 2350 | I22: =+H22*$K$1+H22 -> 2467.735
A23: 9 | B23: Emulsión Asfáltica CRL-1 | C23: Lt | D23: 1 | E23: Listado de Referencia | F23: 44106 | G23: INVIAS DIRECCION CAUCA | H23: 1166 | I23: =+H23*$K$1+H23 -> 1224.4166 | J23: =+ROUND(AVERAGE(I23:I24),0) -> 1212
D24: 2 | E24: Listado de Referencia | F24: 44106 | G24: INVIAS DIRECCION VALLE | H24: 1142 | I24: =+H24*$K$1+H24 -> 1199.2142
A25: 10 | B25: Mezcla Densa en Caliente MDC-19 | C25: m3 | D25: 1 | E25: Historico Contrato Aerocivil | F25: 44106 | G25: INVIAS DIRECCION CAUCA | H25: 369815 | I25: =+H25*$K$1+H25 -> 388342.73 | J25: =+ROUND(AVERAGE(I25:I26),0) -> 414070
D26: 2 | E26: Listado de Referencia | F26: 44106 | G26: INVIAS DIRECCION VALLE | H26: 418815 | I26: =+H26*$K$1+H26 -> 439797.63
A27: 11 | B27: Mezcla Densa en Frio MDF-25 | C27: m3 | D27: 1 | E27: Listado de Referencia | F27: 44106 | G27: INVIAS DIRECCION CAUCA | H27: 233527 | I27: =+H27*$K$1+H27 -> 245226.7 | J27: =+ROUND(AVERAGE(I27:I28),0) -> 242240
D28: 2 | E28: Listado de Referencia | F28: 44106 | G28: INVIAS DIRECCION VALLE | H28: 227838 | I28: =+H28*$K$1+H28 -> 239252.68
A29: 12 | B29: Pintura acrílica pura para tráfico | C29: Gl | D29: 1 | E29: Listado de Referencia | F29: 44106 | G29: INVIAS DIRECCION CAUCA | H29: 82652 | I29: =+H29*$K$1+H29 -> 86792.865 | J29: =+ROUND(AVERAGE(I29:I32),0) -> 89607
D30: 2 | E30: Listado de Referencia | F30: 44106 | G30: INVIAS DIRECCION VALLE | H30: 83643 | I30: =+H30*$K$1+H30 -> 87833.514
D31: 3 | E31: cotizacion virtual | F31: 44106 | G31: HOME CENTER https://www.homecenter.com.co/homecenter-co/search/?Ntt=MANTO | H31: 88900 | I31: =+H31 -> 88900
D32: 4 | E32: cotizacion virtual | F32: 44106 | G32: EASY CALI | H32: 94900 | I32: =+H32 -> 94900
B33: PINTURA ESMALTE METALICO EXTERIORES | C33: GL | D33: 1 | E33: HOMECENTER | F33: 44106 | G33: HOME CENTER https://www.homecenter.com.co/homecenter-co/search/?Ntt=MANTO | H33: 68900 | I33: =+H33 -> 68900 | J33: =+ROUND(AVERAGE(I33:I34),0) -> 70400
D34: 2 | E34: EASY | F34: 44106 | G34: Cotizacion virtual | H34: 71900 | I34: =+H34 -> 71900
A35: 13 | B35: Geotextil NT 2500 | C35: m2 | D35: 2 | E35: Listado de Referencia | F35: 44106 | G35: INVIAS DIRECCION CAUCA | H35: 5840 | I35: =+H35*$K$1+H35 -> 6132.584 | J35: =+ROUND(AVERAGE(I35:I36),0) -> 6197
D36: 3 | E36: Listado de Referencia | F36: 44106 | G36: INVIAS DIRECCION VALLE | H36: 5963 | I36: =+H36*$K$1+H36 -> 6261.7463
A37: 14 | B37: Malla encauchetada | C37: m2 | D37: 1 | E37: Listado de Referencia | F37: 44106 | G37: INVIAS DIRECCION CAUCA | H37: 37900 | I37: =+H37*$K$1+H37 -> 39798.79 | J37: =+ROUND(AVERAGE(I37:I38),0) -> 27026
D38: 2 | E38: Historico Contrato Aerocivil | F38: 44106 | G38: INVIAS DIRECCION VALLE | H38: 13574 | I38: =+H38*$K$1+H38 -> 14254.057
A39: 15 | B39: Alambre de púa calibre 12 (350 m) | C39: ml | D39: 1 | E39: Listado de Referencia | F39: 44106 | G39: INVIAS DIRECCION CAUCA | H39: 494 | I39: =+H39*$K$1+H39 -> 518.7494 | J39: =+ROUND(AVERAGE(I39:I40),0) -> 509
D40: 2 | E40: Historico Contrato Aerocivil | F40: 44106 | G40: INVIAS DIRECCION VALLE | H40: 475 | I40: =+H40*$K$1+H40 -> 498.7975
A41: 16 | B41: Tubo Cerramiento 2" Esp. 0.075" POR 2,7ML | C41: UN | D41: 1 | E41: Listado de Referencia | F41: 44106 | G41: INVIAS DIRECCION CAUCA | H41: 23539 | I41: =+H41*$K$1+H41 -> 24718.304 | J41: =+ROUND(AVERAGE(I41:I42),0) -> 25107
D42: 2 | E42: Historico Contrato Aerocivil | F42: 44106 | G42: INVIAS DIRECCION VALLE | H42: 24280 | I42: =+H42*$K$1+H42 -> 25496.428
A43: 17 | B43: Pintura Anticorrosiva | C43: gl | D43: 1 | E43: Listado de Referencia | F43: 44106 | G43: INVIAS DIRECCION CAUCA | H43: 39225 | I43: =+H43*$K$1+H43 -> 41190.173 | J43: =+ROUND(AVERAGE(I43:I44),0) -> 44641
D44: 2 | E44: Historico Contrato Aerocivil | F44: 44106 | G44: INVIAS DIRECCION VALLE | H44: 45797 | I44: =+H44*$K$1+H44 -> 48091.43
A45: 18 | B45: Pintura Trafico En Frio | C45: gl | D45: 1 | E45: Historico Contrato Aerocivil | F45: 44106 | G45: CONTRATO No.20000785 h4 de 2020 | H45: 124701 | I45: =H45+(H45*5.01%) -> 130948.52 | J45: =+ROUND(AVERAGE(I45:I46),0) -> 130949
D46: 2
A47: =A45+1 -> 19 | B47: Desecho de Disposicion Final de Materiales | C47: m3 | D47: 1 | E47: Listado de Referencia | F47: 44106 | G47: INVIAS DIRECCION CAUCA | J47: =+ROUND(AVERAGE(I48:I48),0) -> 1283
D48: 2 | E48: Historico Contrato Aerocivil | F48: 44106 | G48: INVIAS DIRECCION VALLE | H48: 1222 | I48: =H48+(H48*5.01%) -> 1283.2222
A49: =A47+1 -> 20 | B49: Poste de madera para cercas | C49: un | D49: 1 | E49: Listado de Referencia | F49: 44106 | G49: INVIAS DIRECCION CAUCA | H49: 7892 | I49: =H49+(H49*5.01%) -> 8287.3892 | J49: =+ROUND(AVERAGE(I49:I50),0) -> 14859
D50: 2 | E50: Historico Contrato Aerocivil | F50: 44106 | G50: INVIAS DIRECCION VALLE | H50: 20409 | I50: =H50+(H50*5.01%) -> 21431.491
A51: =A49+1 -> 21 | B51: Esferas Reflectivas | C51: kg | D51: 1 | E51: Listado de Referencia | F51: 44106 | G51: INVIAS DIRECCION CAUCA | H51: 6279 | I51: =H51+(H51*5.01%) -> 6593.5779 | J51: =+ROUND(AVERAGE(I51:I52),0) -> 6671
D52: 2 | E52: Historico Contrato Aerocivil | F52: 44106 | G52: INVIAS DIRECCION VALLE | H52: 6426 | I52: =H52+(H52*5.01%) -> 6747.9426
A53: =A51+1 -> 22 | B53: Agregado para Concreto Hidraulico | C53: m3 | D53: 1 | E53: Listado de Referencia | F53: 44106 | G53: INVIAS DIRECCION CAUCA | H53: 57680 | I53: =H53+(H53*5.01%) -> 60569.768 | J53: =+ROUND(AVERAGE(I53:I54),0) -> 54962
D54: 2 | E54: Historico Contrato Aerocivil | F54: 44106 | G54: INVIAS DIRECCION VALLE | H54: 46999 | I54: =H54+(H54*5.01%) -> 49353.65
A55: =A53+1 -> 23 | B55: Arena de Trituración | C55: m3 | D55: 1 | E55: Listado de Referencia | F55: 44106 | G55: INVIAS DIRECCION CAUCA | H55: 31173 | I55: =H55+(H55*5.01%) -> 32734.767 | J55: =+ROUND(AVERAGE(I55:I56),0) -> 45109
D56: 2 | E56: Historico Contrato Aerocivil | F56: 44106 | G56: INVIAS DIRECCION VALLE | H56: 54740 | I56: =H56+(H56*5.01%) -> 57482.474
A57: =A55+1 -> 24 | B57: Agua | C57: lt | D57: 1 | E57: Listado de Referencia | F57: 44106 | G57: INVIAS DIRECCION CAUCA | H57: 40 | I57: =H57+(H57*5.01%) -> 42.004 | J57: =+ROUND(AVERAGE(I57:I58),0) -> 41
D58: 2 | E58: Historico Contrato Aerocivil | F58: 44106 | G58: INVIAS DIRECCION VALLE | H58: 38 | I58: =H58+(H58*5.01%) -> 39.9038
A59: =A57+1 -> 25 | B59: Antisol | C59: kg | D59: 1 | E59: Listado de Referencia | F59: 44106 | G59: INVIAS DIRECCION CAUCA | H59: 5580 | I59: =H59+(H59*5.01%) -> 5859.558 | J59: =+ROUND(AVERAGE(I59:I60),0) -> 6012
D60: 2 | E60: Historico Contrato Aerocivil | F60: 44106 | G60: INVIAS DIRECCION VALLE | H60: 5870 | I60: =H60+(H60*5.01%) -> 6164.087
A61: =A59+1 -> 26 | B61: Acelerante de FRAGUADO Concreto | C61: kg | D61: 1 | E61: Listado de Referencia | F61: 44106 | G61: INVIAS DIRECCION CAUCA | H61: 16728 | I61: =H61+(H61*5.01%) -> 17566.073 | J61: =+ROUND(AVERAGE(I61:I62),0) -> 16736
D62: 2 | E62: Historico Contrato Aerocivil | F62: 44106 | G62: INVIAS DIRECCION VALLE | H62: 15147 | I62: =H62+(H62*5.01%) -> 15905.865
A63: =A61+1 -> 27 | B63: Sello de Silicona o sellador autonivelante | C63: m | D63: 1 | E63: Listado de Referencia | F63: 44106 | G63: INVIAS DIRECCION CAUCA | H63: 2192 | I63: =H63+(H63*5.01%) -> 2301.8192 | J63: =+ROUND(AVERAGE(I63:I64),0) -> 3057
D64: 2 | E64: Historico Contrato Aerocivil | F64: 44106 | G64: INVIAS DIRECCION VALLE | H64: 3630 | I64: =H64+(H64*5.01%) -> 3811.863
A65: =A63+1 -> 28 | B65: Alambre Negro Para Amarre | C65: kg | D65: 1 | E65: Listado de Referencia | F65: 44106 | G65: INVIAS DIRECCION CAUCA | H65: 3893 | I65: =H65+(H65*5.01%) -> 4088.0393 | J65: =+ROUND(AVERAGE(I65:I66),0) -> 4379
D66: 2 | E66: Listado de Referencia | F66: 44106 | G66: INVIAS DIRECCION VALLE | H66: 4448 | I66: =H66+(H66*5.01%) -> 4670.8448
A67: =A65+1 -> 29 | B67: Agregado Petreo para Triturar (Crudo) | C67: m3 | D67: 1 | E67: Listado de Referencia | F67: 44106 | G67: INVIAS DIRECCION CAUCA | H67: 20000 | I67: =H67+(H67*5.01%) -> 21002 | J67: =+ROUND(AVERAGE(I67:I68),0) -> 22621
D68: 2 | E68: Listado de Referencia | F68: 44106 | G68: INVIAS DIRECCION VALLE | H68: 23084 | I68: =H68+(H68*5.01%) -> 24240.508
A69: =A67+1 -> 30 | B69: Iluminacion | C69: h | D69: 1 | E69: Listado de Referencia | F69: 44106 | G69: 20000785 h4 de 2020 | H69: 15625 | I69: =H69+(H69*5.01%) -> 16407.812 | J69: =I69 -> 16407.812
A70: =A69+1 -> 31 | B70: Asfalto EZ Street x 50 kg O SIMILAR | C70: BT | D70: 1 | E70: Listado de Referencia | F70: 44106 | G70: https://www.homecenter.com.co/homecenter-co/product/228787/Asfalto-Listo-50lb | H70: 41900 | I70: =H70+(H70*5.01%) -> 43999.19 | J70: =+I70 -> 43999.19
A71: =A70+1 -> 32 | B71: REPELENTE Insecticida | C71: lt | D71: 1 | E71: Listado de Referencia | F71: 44106 | G71: https://tienda.tierragro.com.co/agro/control-de-plagas-y-enfermedades/biologicos/insecticidas/alisin-1-lt.html | H71: 44500 | J71: =+ROUND(AVERAGE(H71:H72),0) -> 44500
D72: 2 | F72: 44106
A73: =A71+1 -> 33 | B73: Alambre galvanizado No. 12 | C73: kg | D73: 1 | E73: Listado de Referencia | F73: 44106 | G73: NVIAS DIRECCIÓN TERRITORIAL MAGDALENA 2019-2 | H73: 6162 | I73: =H73+(H73*5.01%) -> 6470.7162 | J73: =+ROUND(AVERAGE(I73:I75),0) -> 6845
D74: 2 | E74: Listado de Referencia | F74: 44106 | G74: INVIAS DIRECCIÓN TERRITORIAL ATLANTICO 2019-2 | H74: 5659 | I74: =H74+(H74*5.01%) -> 5942.5159
D75: 3 | E75: Listado de Referencia | F75: 44106 | G75: INVIAS DIRECCIÓN TERRITORIAL BOLIVAR 2019-2 | H75: 7735 | I75: =H75+(H75*5.01%) -> 8122.5235
A76: =A73+1 -> 34 | B76: MEDICIÓN DE COEFICIENTE DE FRICCIÓN | C76: M2 | D76: 1 | E76: cotizacion | F76: 44106 | G76: DYNATEST | H76: 196.03509 | I76: =H76+(H76*5.01%) -> 205.85645 | J76: =+ROUND(AVERAGE(H76),0) -> 196
A77: =A75+1 -> 1 | B77: Tablestaca de madera aserrada (0.25x0.03x3) | C77: ml | D77: 1 | E77: Listado de Referencia | F77: 44106 | G77: INVIAS DIRECCION CAUCA | H77: 12267 | I77: =H77+(H77*5.01%) -> 12881.577 | J77: =+ROUND(AVERAGE(I77:I78),0) -> 14401
D78: 2 | E78: Listado de Referencia | F78: 44106 | G78: INVIAS DIRECCION VALLE | H78: 15160 | I78: =H78+(H78*5.01%) -> 15919.516
A79: =A77+1 -> 2 | B79: PUNTILLA | C79: LB | D79: 1 | E79: Listado de Referencia | F79: 44106 | G79: INVIAS DIRECCION CAUCA | H79: 2190 | I79: =H79+(H79*5.01%) -> 2299.719 | J79: =+ROUND(AVERAGE(I79:I80),0) -> 2358
D80: 2 | E80: Listado de Referencia | F80: 44106 | G80: INVIAS DIRECCION VALLE | H80: 2301 | I80: =H80+(H80*5.01%) -> 2416.2801
B81: CONCERTINA
A83: EQUIPOS
A84: 1 | B84: Compactador Manual vibratorio (Canguro) - (Apisonadores) | C84: h | D84: 1 | E84: Listado de Referencia | F84: 44106 | G84: INVIAS DIRECCION CAUCA | H84: 7813 | I84: =H84+(H84*5.01%) -> 8204.4313 | J84: =+ROUND(AVERAGE(I84:I85),0) -> 7646
D85: 2 | E85: Listado de Referencia | F85: 44106 | G85: INVIAS DIRECCION VALLE | H85: 6750 | I85: =H85+(H85*5.01%) -> 7088.175
A86: 2 | B86: Compactador Neumatico 3,5 T o similar | C86: h | D86: 1 | E86: Listado de Referencia | F86: 44106 | G86: INVIAS DIRECCION CAUCA | H86: 110175 | I86: =H86+(H86*5.01%) -> 115694.77 | J86: =+ROUND(AVERAGE(I86:I87),0) -> 92053
D87: 2 | E87: Listado de Referencia | F87: 44106 | G87: INVIAS DIRECCION VALLE | H87: 65148 | I87: =H87+(H87*5.01%) -> 68411.915
A88: 3 | B88: Cortadora de Pavimento | C88: h | D88: 1 | E88: Listado de Referencia | F88: 44106 | G88: INVIAS DIRECCION CAUCA | H88: 6172 | I88: =H88+(H88*5.01%) -> 6481.2172 | J88: =+ROUND(AVERAGE(I88:I89),0) -> 6063
D89: 2 | E89: Listado de Referencia | F89: 44106 | G89: INVIAS DIRECCION VALLE | H89: 5375 | I89: =H89+(H89*5.01%) -> 5644.2875
A90: 4 | B90: Volqueta 6 m3 material vegetal | C90: m3-Km | D90: 1 | E90: Listado de Referencia | F90: 44106 | G90: INVIAS DIRECCION CAUCA | H90: 62500 | I90: =H90+(H90*5.01%) -> 65631.25 | J90: =+ROUND(AVERAGE(I90:I91),0) -> 74311
D91: 2 | E91: Listado de Referencia | F91: 44106 | G91: INVIAS DIRECCION VALLE | H91: 79031 | I91: =H91+(H91*5.01%) -> 82990.453
A92: 5 | B92: Volqueta 6 m3 material de excavación | C92: m3-Km | D92: 1 | E92: Listado de Referencia | F92: 44106 | G92: INVIAS DIRECCION CAUCA | H92: 1200 | I92: =H92+(H92*5.01%) -> 1260.12 | J92: =+ROUND(AVERAGE(I92:I93),0) -> 1257
D93: 2 | E93: Listado de Referencia | F93: 44106 | G93: INVIAS DIRECCION VALLE | H93: 1194 | I93: =H93+(H93*5.01%) -> 1253.8194
A94: 6 | B94: Guadañadora 41,5 cm3 | C94: h | D94: 1 | E94: Listado de Referencia | F94: 44106 | G94: INVIAS DIRECCION CAUCA | J94: =+(I95+I94) -> 85878.27
D95: 2 | E95: Listado de Referencia | F95: 44106 | G95: INVIAS DIRECCION VALLE | H95: 81781.04 | I95: =H95+(H95*5.01%) -> 85878.27
A96: 7 | B96: Soplador | C96: h | D96: 1 | E96: Listado de Referencia | F96: 44106 | G96: HOME CENTER https://www.homecenter.com.co/homecenter-co/search/?Ntt=MANTO | H96: 3737.5 | I96: =H96+(H96*5.01%) -> 3924.7488 | J96: =+ROUND(AVERAGE(I96),0) -> 3925
A97: 8 | B97: Compresor minimo 120 HP,con martillo | C97: h | D97: 1 | E97: Listado de Referencia | F97: 44106 | G97: INVIAS DIRECCION CAUCA | H97: 70724 | I97: =H97+(H97*5.01%) -> 74267.272 | J97: =+ROUND(AVERAGE(I97:I99),0) -> 63386
D98: 2 | E98: Listado de Referencia | F98: 44106 | G98: INVIAS DIRECCION VALLE | H98: 50000 | I98: =H98+(H98*5.01%) -> 52505
D99: 3 | F99: 44106
A100: 9 | B100: Aspersol Manual | C100: h | D100: 1 | E100: Listado de Referencia | F100: 44106 | G100: INVIAS DIRECCION CAUCA | H100: 1824 | I100: =H100+(H100*5.01%) -> 1915.3824 | J100: =+ROUND(AVERAGE(I100:I102),0) -> 1916
D101: 2 | E101: Listado de Referencia | F101: 44106 | G101: INVIAS DIRECCION VALLE | H101: 1826 | I101: =H101+(H101*5.01%) -> 1917.4826
D102: 3 | F102: 44106
...

Sheet APU HISTORICOS

Sheet COTIZACIONES
E7: INSTITUTO NACIONAL DE VÍAS DIRECCIÓN TÉCNICA | J7: INSTITUTO NACIONAL DE VÍAS DIRECCIÓN TÉCNICA | O7: INSTITUTO NACIONAL DE VÍAS DIRECCIÓN TÉCNICA | T7: INSTITUTO NACIONAL DE VÍAS DIRECCIÓN TÉCNICA
E8: TRANSPORTE | J8: MATERIALES
O9: EQUIPOS | T9: MANO DE OBRA INCLUIDO FACTOR PRESTACIONAL
L10: MATERIALES
M11: Moneda ($ Pesos)
E12: T0010031 | F12: m3k | G12: Transporte de Material de Remoción | H12: 1222.0639 | J12: B0020001 | K12: kg | L12: Acero A-36 para estructura metálica | M12: 2545.0569 | Q12: EQUIPOS VARIOS | R12: Moneda ($ Pesos) | T12: - | U12: día | V12: Jornal SMMMLV - SMDLV 2020 | W12: 29260
E13: T0010234 | F13: m3k | G13: Transporte de Mezcla Abierta en Frio MAF-38 | H13: 1222.0639 | J13: B0020004 | K13: kg | L13: Acero A-37 | M13: 2412.818 | O13: C0010011 | P13: u | Q13: Andamiaje para Aplicar la Carga (Equipos Sustituto de la Tara) | R13: 42381.966 | W13: Moneda (Pesos $)
E14: T0010272 | F14: m3k | G14: Transporte de Mezcla densa en Caliente MDC-25 | H14: 1222.0639 | J14: B0020002 | K14: kg | L14: Acero A-40 | M14: 2328.2719 | O14: C0010010 | P14: h | Q14: Aspersor manual | R14: 1866.929 | T14: A0100130 | U14: día | V14: Armador | W14: 58677.434
E15: T0010002 | F15: tkm | G15: Transporte de agregado | H15: 1222.0639 | J15: B0020003 | K15: kg | L15: Acero PDR-60 | M15: 2863.731 | O15: C0010020 | P15: h | Q15: Barredora mecánica de cepillo de 3658 mm ; 6 m3 | R15: 49858.955 | T15: A0100150 | U15: día | V15: Ayudante | W15: =$D$6*1.85 -> 0
E16: T0010400 | F16: m3k | G16: Transporte de agregado pétreo | H16: 1222.0639 | J16: B002001 | K16: kg | L16: Acero suministrado y figurado PDR 60 | M16: 3098.9429 | O16: C0010030 | P16: h | Q16: Bomba de concreto, Producción: 30 m3/h, POTENCIA: 67 HP, MAX PRESION DE CONCRETO: 1150 PSI | R16: 35419.104 | T16: A0010010 | U16: día | V16: Cadenero | W16: 69346.058
E17: T0010170 | F17: m3k | G17: Transporte de agregado tipo LA-1 | H17: 1222.0639 | J17: B003003 | K17: kg | L17: Aditivo Acelerante de Fraguado | M17: 17796.903 | O17: C0010040 | P17: h | Q17: Bomba de inyección de lechada | R17: 15051.857 | T17: A0100181 | U17: día | V17: Calculista | W17: 320058.73
E18: T0010180 | F18: m3k | G18: Transporte de agregado tipo LA-2 | H18: 1222.0639 | J18: B0030001 | K18: kg | L18: Aditivo curador | M18: 11495.83 | O18: C0010034 | P18: h | Q18: Bomba eléctrica para accionar la celda | R18: 42589.059 | T18: A0100140 | U18: día | V18: Cortador | W18: 80014.683
E19: T0010190 | F19: m3k | G19: Transporte de agregado tipo LA-3 | H19: 1222.0639 | J19: B0043070 | K19: u | L19: Adoquín color 10X20X6 | M19: 1117.9762 | O19: C0010050 | P19: h | Q19: Bomba para gato de tensionamiento | R19: 34747.34 | T19: A0100010 | U19: día | V19: Cuadrilla de desmontaje (10 personas) | W19: 586774.34
E20: T0010200 | F20: m3k | G20: Transporte de agregado tipo LA-4 | H20: 1222.0639 | J20: B0043080 | K20: m2 | L20: Adoquín e=8cm | M20: 69208.049 | O20: C0010053 | P20: h | Q20: Buldozer Potencia al volante de 305 HP, motor de 2100 RPM, longitud de hoja 6,39m. | R20: 210263.39 | T20: A0100180 | U20: día | V20: Cuadrilla de fabricación | W20: 320058.73
E21: T0010110 | F21: m3k | G21: Transporte de agregados pétreos | H21: 1222.0639 | J21: B0043090 | K21: u | L21: Adoquín grama 10X20X6 | M21: 1040.5684 | O21: C0010052 | P21: h | Q21: Buldozer, Potencia al volante de 140 HP, motor de 2200 RPM, longitud de hoja 4,80m. | R21: 182820.98 | T21: A0041004 | U21: día | V21: Cuadrilla de Un Oficial y (2) Obreros. | W21: 213372.49
E22: T0010003 | F22: m3k | G22: Transporte de Arena | H22: 1222.0639 | J22: B0043071 | K22: m2 | L22: Adoquín Gris E=10 Cm | M22: 45930.257 | O22: C0010051 | P22: h | Q22: Buldozer, Potencia al volante de 80 HP, motor de 2400 RPM, longitud de hoja 3,99m, | R22: 143645.35 | T22: A0041006 | U22: día | V22: Cuadrilla de un oficial y (4) Obreros. | W22: 320058.73
E23: T0010004 | F23: m3k | G23: Transporte de arena | H23: 1222.0639 | J23: B0063201 | K23: lt | L23: Aglomerante Estabilizador | M23: 684507.59 | O23: C0010961 | P23: h | Q23: Caldera para pintura termoplástica | R23: 40020.487 | T23: A0100170 | U23: día | V23: Dibujante | W23: 106686.24
E24: T0010005 | F24: m3k | G24: Transporte de arena lavada | H24: 1222.0639 | J24: B0053100 | K24: m3 | L24: Agregado para concreto hidráulico | M24: 50041.586 | O24: C0010090 | P24: h | Q24: Calentador a gas | R24: 46264.189 | T24: A0100182 | U24: día | V24: Dibujante 2 | W24: 96017.619
E25: T0010007 | F25: m3k | G25: Transporte de base | H25: 1222.0639 | J25: B0053110 | K25: m3 | L25: Agregado para tratamiento superf. Doble | M25: 45029.515 | O25: C0010125 | P25: h | Q25: Camabaja | R25: 235055.83 | T25: A0100120 | U25: u | V25: Estudios, análisis e informes | W25: 2133724.9
E26: T0015011 | F26: m3k | G26: Transporte de Cemento Asfaltico Modificado Con Polímeros (Todos Los Tipos) | H26: 1222.0639 | J26: B0053120 | K26: m3 | L26: Agregado para tratamiento superf. Simple | M26: 48072.094 | O26: C0010100 | P26: h | Q26: Camión 350 | R26: 47663.356 | T26: A0100070 | U26: día | V26: Ingeniero de montaje y prueba | W26: 485912.32
E27: T0010009 | F27: m3k | G27: Transporte de concreto | H27: 1222.0639 | J27: B0053112 | K27: m3 | L27: Agregado para tratamiento superficial doble (primer riego) | M27: 44619.791 | O27: C0010110 | P27: h | Q27: Camión de Slurry | R27: 156703.55 | T27: A0100069 | U27: día | V27: Ingeniero de Montaje y Prueba Pilote (1) | W27: 477235.31
... E34: T0010020 | F34: m3k | G34: Transporte de material de base | H34: 1222.0639 | J34: B0053180 | K34: m3 | L34: Agregado tipo LA 4 (lechadas) | M34: 40959.375 | O34: C0010160 | P34: h | Q34: Carrotanque Irrigador de asfalto, 1000 GALONES DE CAPACIDAD | R34: 63891.435 | T34: A0020010 | U34: día | V34: Inspector de fabricación y montaje | W34: 162693.86
E35: T0010023 | F35: m3k | G35: Transporte de Material de Base | H35: 1222.0639 | J35: B0053170 | K35: m3 | L35: Agregado tipo LA 5 (lechadas) | M35: 41888.299 | O35: C0010170 | P35: h | Q35: Cizalla manual de 90 cm. | R35: 686.18912 | T35: A0041008 | U35: día | V35: 1 Oficial y 1 Obrero. | W35: =$D$43+$D$64 -> 0
E36: T0010022 | F36: m3k | G36: Transporte de material de cobertura | H36: 1222.0639 | J36: B0053190 | K36: m3 | L36: Agregados seleccionados (tamaño máximo 1´´) (bandas sonoras reduce velocidad) | M36: 52097.69 | O36: C0010211 | P36: h | Q36: Compactador de Rodillo POTENCIA: 99HP, PESO: 8 ton | R36: 92716.926 | T36: A0100030 | U36: día | V36: Maestro | W36: 160029.37
E37: T0010032 | F37: m3k | G37: Transporte de material de demolición | H37: 1222.0639 | J37: B0063200 | K37: lt | L37: Agua | M37: 40.105242 | O37: C0010200 | P37: h | Q37: Compactador manual (SALTARIN) Peso de operación (Kg.) 52, Fuerza de impacto por golpe (KN) 12. | R37: 6082.4647 | T37: A0030100 | U37: día | V37: Obrero (10) | W37: =$D$64*10 -> 0
E38: T0010025 | F38: m3k | G38: Transporte de material de excavación | H38: 1222.0639 | J38: B0073210 | K38: m | L38: Alambre de púa calibre 12 (350 m) | M38: 505.4489 | O38: C0010210 | P38: h | Q38: Compactador manual de rodillo | R38: 23047.094 | T38: A0030020 | U38: día | V38: Obrero (2) | W38: =$D$64*2 -> 0
E39: T0010035 | F39: m3k | G39: Transporte de material de excavación | H39: 1222.0639 | J39: B0073211 | K39: kg | L39: Alambre Galvanizado Aleación Zn-5A1-Mm | M39: 6355.0549 | O39: C0010220 | P39: h | Q39: Compactador manual vibratorio (CANGURO) (Apisonadores) | R39: 6900.275 | T39: A0030030 | U39: día | V39: Obrero (3) | W39: =$D$64*3 -> 0
E40: T0010036 | F40: m3k | G40: Transporte de material de remoción | H40: 1222.0639 | J40: B0073222 | K40: kg | L40: Alambre Galvanizado Aleación Zn-5A1-Mm Y Pvc | M40: 4002.9367 | O40: C0010190 | P40: h | Q40: COMPACTADOR MANUAL VIBRATORIO (RANA) con motor de 6 HP | R40: 3748.2975 | T40: A0030040 | U40: día | V40: Obrero (4) | W40: =$D$64*4 -> 0
E41: T0010141 | F41: m3k | G41: Transporte de Material de Solado y Atraque Tubería de Concreto Reforzado | H41: 1222.0639 | J41: B0073220 | K41: kg | L41: Alambre galvanizado No. 12 | M41: 4638.9251 | O41: C0010230 | P41: h | Q41: Compactador neumático de Potencia 70 HP, peso de 13 ton | R41: 89448.01 | T41: A0030050 | U41: día | V41: Obrero (5) | W41: =$D$64*5 -> 0
E42: T0010470 | F42: m3k | G42: Transporte de material de soldado y atraque | H42: 1222.0639 | J42: B0073221 | K42: kg | L42: Alambre Galvanizado Zinc Y Pvc | M42: 4303.184 | O42: C0010213 | P42: h | Q42: Compactador neumático peso 3,5 ton | R42: 66598.466 | T42: A0030060 | U42: día | V42: Obrero (6) | W42: =$D$64*6 -> 0
E43: T0010381 | F43: m3k | G43: Transporte de material de Sub Base CBR=40% | H43: 1222.0639 | J43: B026012 | K43: kg | L43: Alambre Negro Para Amarre | M43: 4736.0346 | O43: C0010212 | P43: h | Q43: Compactador tipo POTENCIA: 105 HP, PESO: 6 ton | R43: 95485.38 | T43: A0030070 | U43: día | V43: Obrero (7) | W43: =$D$64*7 -> 0
E44: T0010030 | F44: m3k | G44: Transporte de material de subbase | H44: 1222.0639 | J44: B0073230 | K44: kg | L44: Alambre negro para amarre calibre 18 | M44: 3867.8004 | O44: C0010240 | P44: h | Q44: Compactador vibratorio tipo DD-20 | R44: 75848.625 | T44: A0030080 | U44: día | V44: Obrero (8) | W44: =$D$64*8 -> 0
E45: T0010040 | F45: tkm | G45: Transporte de material desmontado | H45: 1222.0639 | J45: B031001 | K45: u | L45: Almohadillas de neopreno dureza 60 (35cm*45cm*5cm con 2 laminas de 3mm) | M45: 380111.9 | O45: C0010250 | P45: h | Q45: Compresor (barrido y soplado) | R45: 5302.9891 | T45: A0030090 | U45: día | V45: Obrero (9) | W45: =$D$64*9 -> 0
E46: T0010028 | F46: m3k | G46: Transporte de Material Drenante | H46: 1222.0639 | J46: B026011 | K46: u | L46: Amortiguadores (Para Defensas Metálicas), Incluye Tornillos | M46: 53215.666 | O46: C0010270 | P46: h | Q46: Compresor 120 HP, con martillo. | R46: 51113.148 | T46: A0100060 | U46: día | V46: Obrero (prueba de carga) | W46: 58677.434
E47: T0010027 | F47: m3k | G47: Transporte de material filtrante | H47: 1222.0639 | J47: B0113260 | K47: u | L47: Anclaje para fijación del manto | M47: 716.47472 | O47: C0010260 | P47: h | Q47: Compresor 80 HP, con martillo. | R47: 93164.082 | T47: A0030120 | U47: día | V47: Obreros de incado (2) | W47: 117354.87
E48: T0010410 | F48: m3k | G48: Transporte de material filtrante | H48: 1222.0639 | J48: B0013770 | K48: u | L48: Anclajes o Cuñas para el tensionamiento | M48: 11098.313 | O48: C0010280 | P48: h | Q48: Compresor para penetrar roca | R48: 51532.185 | T48: A0030110 | U48: día | V48: Obreros de izado (2) | W48: 117354.87
E49: T0010006 | F49: m3k | G49: Transporte de material fresado | H49: 1222.0639 | J49: B0013270 | K49: kg | L49: Anfo | M49: 7287.5011 | O49: C0010291 | P49: h | Q49: Cortadora de pavimento | R49: 5494.6635 | T49: A0040010 | U49: día | V49: Oficial | W49: 106686.24
E50: T0010390 | F50: m3k | G50: Transporte de material fresado | H50: 1222.0639 | J50: B0013280 | K50: m | L50: Angulo de 1-1/2´´ x 1/4´´ (cerramiento en malla) | M50: 10847.338 | O50: C0010290 | P50: h | Q50: Cortadora de pavimento, Máxima profundidad de corte: 160 mm. Capacidad de disco: desde 12´´ hasta 18´´ de diámetro. Peso operacional: 135 kg, 13.5 hp de potencia | R50: 21061.679 | T50: A0041002 | U50: día | V50: Oficial Obrero (3) Cuadrilla de un oficial y 3 Obreros. | W50: 266715.61
E51: T0010039 | F51: m3k | G51: Transporte de material granular | H51: 1222.0639 | J51: B0063290 | K51: kg | L51: Antisol blanco (presentación 20 kg) | M51: 6250.2854 | O51: C0010311 | P51: h | Q51: Derretidora de asfalto (crafco o similar) | R51: 2048.2642 | T51: A0040020 | U51: día | V51: Oficial (2) | W51: =W49*2 -> 213372.49
E52: T0010052 | F52: m3k | G52: Transporte de material removido | H52: 1222.0639 | J52: B0303300 | K52: u | L52: Árbol de 0.6 m (Protector) | M52: 851.79138 | O52: C0010301 | P52: h | Q52: Diferencial | R52: 2172.3088 | T52: A0040030 | U52: día | V52: Oficial (3) | W52: =W49*3 -> 320058.73
E53: T0010062 | F53: m3k | G53: Transporte de material seleccionado para relleno | H53: 1222.0639 | J53: B0303310 | K53: u | L53: Árbol de 1.2 m (Paisajístico) | M53: 12776.871 | O53: C0010300 | P53: h | Q53: Diferencial de 2 ton. | R53: 4351.016 | T53: A0100050 | U53: día | V53: Oficial + 3 Ayudantes (armado e inyección de anclajes) | W53: =W49+(3*W14) -> 282718.55
E54: T0010044 | F54: tkm | G54: Transporte de material trasladado | H54: 1222.0639 | J54: B0093320 | K54: m3 | L54: Arena de sello (fina) | M54: 44337.97 | O54: C0010310 | P54: h | Q54: Diferencial de 3 ton | R54: 3194.5718 | T54: A0041000 | U54: día | V54: Oficial experto en desmontaje | W54: 117354.87
E55: T0010042 | F55: m3k | G55: Transporte de material triturado | H55: 1222.0639 | J55: B0093330 | K55: m3 | L55: Arena de soporte (media) | M55: 29141.913 | O55: C0010351 | P55: h | Q55: Equipo autopropulsado para pintura termoplástica | R55: 73313.023 | T55: A0041001 | U55: día | V55: Oficial experto en explosivos | W55: 128023.49
E56: T0010050 | F56: m3k | G56: Transporte de material triturado para filtros | H56: 1222.0639 | J56: B0093321 | K56: m3 | L56: Arena de Trituración | M56: 58283.825 | O56: C0010314 | P56: h | Q56: Equipo de acarreo interno | R56: 42720.94 | T56: A0100092 | U56: día | V56: Operador prueba de integridad | W56: 133357.8
E57: T0010100 | F57: m3t | G57: Transporte de materiales | H57: 1222.0639 | J57: B009111 | K57: m3 | L57: Arena de trituración (sellos de arena-afalto) | M57: 54258.401 | O57: C0010320 | P57: h | Q57: Equipo de control (bandas sonoras reduce velocidad) (Termohigometros, Termómetros, Galgas, etc.) | R57: 1766.9885 | T57: A0050010 | U57: día | V57: Paletero | W57: =$D$6*1.85 -> 0
E58: T0010101 | F58: m3t | G58: Transporte de materiales | H58: 1222.0639 | J58: B0093350 | K58: m3 | L58: Arena lavada | M58: 55387.734 | O58: C0010401 | P58: u | Q58: Equipo de Medición (Deformimetros Eléctricos, Mecánicos, Celdas de Carga, Etc.) | R58: 116452.27 | T58: A0050020 | U58: día | V58: Paletero (2) | W58: =W57*2 -> 0
E59: T0010060 | F59: m3k | G59: Transporte de materiales seleccionados | H59: 1222.0639 | J59: B0013281 | K59: m | L59: Armadura de Acero | M59: 3183.489 | O59: C0010330 | P59: h | Q59: Equipo de oxicorte, Capacidad de corte: hasta 6´´ (152mm) | R59: 9294.4626 | T59: A0060010 | U59: día | V59: Perforador | W59: 106686.24
E60: T0010065 | F60: m3k | G60: Transporte de mezcla | H60: 1222.0639 | J60: B0083360 | K60: kg | L60: Asfalto AP 190 (BREA) | M60: 2074.6333 | O60: C0010382 | P60: h | Q60: Equipo de oxigeno y soldadura | R60: 8360.9981 | T60: A0100040 | U60: día | V60: Perforador + Ayudante1 + Ayudante2 | W60: 213372.49
E61: T0010320 | F61: m3k | G61: Transporte de mezcla abierta en caliente MAC-75 | H61: 1222.0639 | J61: B008007 | K61: lt | L61: Asfalto liquido | M61: 2207.9561 | O61: C0010340 | P61: h | Q61: Equipo de perforación (TRACKDRILL), potencia 40 HP, 2100 golpes / minuto | R61: 92287.285 | T61: A0040001 | U61: día | V61: Personal requerido para el diseño y fabricación de estructura metálica. (incluye un calista, un dibujante y la cuadrilla de Fabricación) De esta ultima no hay detalle de que personal la compone. | W61: 800146.83
E62: T0010330 | F62: m3k | G62: Transporte de mezcla abierta en caliente MAC-63 | H62: 1222.0639 | J62: B008009 | K62: gal | L62: Asfalto liquido RC 250 | M62: 5696.0282 | O62: C0010350 | P62: h | Q62: Equipo de pintura (Compresor), Presión máxima de trabajo 3300 psi. | R62: 9433.5549 | T62: A0070010 | U62: día | V62: Rastrillero | W62: 80014.683
E63: T0010340 | F63: m3k | G63: Transporte de mezcla abierta en caliente MAC-50 | H63: 1222.0639 | J63: B0013380 | K63: kg | L63: Barras de transferencia de carga (1'') | M63: 3205.1675 | O63: C0010352 | P63: h | Q63: Equipo de rayos X y/o ultrasonido | R63: 58721.716 | T63: A0070020 | U63: día | V63: Rastrilleros (2) | W63: 160029.37
E64: T0010251 | F64: m3k | G64: Transporte de Mezcla Abierta en Frio MAF-25 | H64: 1222.0639 | J64: B0013390 | K64: kg | L64: Barras de unión de 1/2´´ | M64: 2478.9375 | O64: C0010381 | P64: h | Q64: Equipo de Sand Blastin y Pintura COMPRESOR 250cfm a 100 psi. PULMON de 70 gal (250 lt.) para 160 psi | R64: 25502.332 | T64: A0080010 | U64: día | V64: Soldador | W64: 106686.24
E65: T0010070 | F65: m3k | G65: Transporte de mezcla de concreto | H65: 1222.0639 | J65: B0013400 | K65: m3 | L65: Base Granular reciclada en obra | M65: 22402.571 | O65: C0010361 | P65: h | Q65: Equipo de Soldadura | R65: 8806.0937 | T65: A0010083 | U65: día | V65: Soldador (2) | W65: 213372.49
E66: T0010311 | F66: m3k | G66: Transporte de Mezcla Densa en Caliente MDC-10 | H66: 1222.0639 | J66: B0013410 | K66: kg | L66: Bentonita | M66: 1192.5079 | O66: C0010360 | P66: h | Q66: Equipo de soldadura 250 AMP | R66: 13229.232 | T66: A0080012 | U66: día | V66: Soldador 1A | W66: 133357.8
E67: T0010271 | F67: m3k | G67: Transporte de Mezcla Densa en Caliente MDC-19 | H67: 1222.0639 | J67: B0013420 | K67: m2 | L67: Biomanto | M67: 70436.727 | O67: C0010370 | P67: h | Q67: Equipo de soldadura 400 | R67: 14660.338 | T67: A0100090 | U67: día | V67: Soldador experto en montaje y pruebas | W67: 160029.37
E68: T0010281 | F68: m3k | G68: Transporte de Mezcla densa En Frio MDF-25 | H68: 1222.0639 | J68: B0013435 | K68: m2 | L68: Biomanto Temporal 300 Gr/M2 | M68: 5517.9578 | O68: C0010380 | P68: h | Q68: Equipo de soldadura 600 | R68: 16932.18 | T68: A0100091 | U68: día | V68: Soldador experto en montaje y pruebas | W68: 160029.37
E69: T0010300 | F69: m3k | G69: Transporte de mezcla densa MDC-0 | H69: 1222.0639 | J69: B0013430 | K69: m3 | L69: Bolsacreto de 1m3 | M69: 20933.667 | O69: C0010384 | P69: h | Q69: Equipo de soldadura y de acetileno (incluye soldadura) | R69: 30165.533 | T69: A0090010 | U69: día | V69: Topógrafo | W69: 160029.37
E70: T0010270 | F70: m3k | G70: Transporte de mezcla densa MDC-1 | H70: 1222.0639 | J70: B0013436 | K70: u | L70: Bordillo Prefabricado En Concreto Ref.A85 Ntc-4109, 0,20 X 0,35 X 0.80 M | M70: 32719.374 | O70: C0010390 | P70: h | Q70: Equipo de topografía | R70: 10265.018 | T70: A0030010 | U70: día | V70: Obrero | W70: =$D$6*1.85 -> 0
E71: T0010080 | F71: m3k | G71: Transporte de mezcla densa mdc-2 | H71: 1222.0639 | J71: B0013432 | K71: u | L71: Botella de gas propano (40 lb) (5% de oxígeno) | M71: 120521.67 | O71: C0010383 | P71: h | Q71: Equipo de topografía Teodolito electrónico con abertura de anteojo de 42 mm. Aumento del anteojo: 30x.Distancia mínima de enfoque: 1.0 m. Precisión: 5´´. Compensador con rango de trabajo ±3´. | R71: 4626.1098 | T71: A0100100 | U71: u | V71: Viáticos ingeniero y director | W71: 533431.22
E72: T0010280 | F72: m3k | G72: Transporte de mezcla densa MDC-2 | H72: 1222.0639 | J72: B0013434 | K72: u | L72: Botella de oxígeno (1800 lb) | M72: 751529.95 | O72: C0010394 | P72: h | Q72: Equipo de transporte (Camiones, Grúas, Volquetas, etc.) | R72: 83052.581 | T72: A0100110 | U72: u | V72: Viáticos soldadores | W72: 266715.61
E73: T0010290 | F73: m3k | G73: Transporte de mezcla densa MDC-3 | H73: 1222.0639 | J73: B0320001 | K73: m | L73: Cable de 1/2´´ (para anclajes) | M73: 11418.071 | O73: C0010400 | P73: h | Q73: Equipo manual aplicador (bandas sonoras reduce velocidad) | R73: 42153.237 | T73: A0040110 | U73: día | V73: Celador | W73: =$D$6*1.85 -> 0
E74: T0010229 | F74: m3k | G74: Transporte de Mezcla Densa para Bacheo | H74: 1222.0639 | J74: B0013450 | K74: kg | L74: Cal | M74: 974.23639 | O74: C0010410 | P74: h | Q74: Esparcidor de gravilla, Ancho de esparcimiento 3100mm, Velocidad de trabajo 10—20km2/h | R74: 78193.62
E75: T0010370 | F75: m3k | G75: Transporte de mezcla discontinua en caliente tipo F-13 | H75: 1222.0639 | J75: B0013460 | K75: kg | L75: Camisa metálica en acero A-37 | M75: 6533.9026 | O75: C0010420 | P75: h | Q75: Estación Total con precisión angular de 6´´. Precisión lineal 2 mm ± 2 ppm | R75: 8482.5751
E76: T0010380 | F76: m3k | G76: Transporte de mezcla discontinua en caliente tipo F-10 | H76: 1222.0639 | J76: B0013470 | K76: m | L76: Camisas y Formaleta en Concreto | M76: 32411.539 | O76: C0010443 | P76: m2 | Q76: Formaleta Metálica | R76: 932.43417
E77: T0010350 | F77: m3k | G77: Transporte de mezcla discontinua en caliente tipo M-13 | H77: 1222.0639 | J77: B0013480 | K77: u | L77: Captafaro, Incluye Tornillos | M77: 15204.476 | O77: C0010430 | P77: h | Q77: Formaleta metálica (concreto hidráulico) | R77: 3906.9507
E78: T0010360 | F78: m3k | G78: Transporte de mezcla discontinua en caliente tipo M-10 | H78: 1222.0639 | J78: B0013484 | K78: u | L78: Celda especial de carga | M78: 13020435 | O78: C0010440 | P78: h | Q78: Formaleta metálica (tubería de concreto reforzado) | R78: 9171.8552
E79: T0010233 | F79: m3k | G79: Transporte de Mezcla en Frio MAF-19 | H79: 1222.0639 | J79: B0103501 | K79: kg | L79: Cemento Asfaltico 40-50 | M79: 1748.5148 | O79: C0010442 | P79: h | Q79: Formaleta metálica para tubo de 900 | R79: 4272.7121
E80: T0010232 | F80: m3k | G80: Transporte de Mezcla en Frio DMF-19 | H80: 1222.0639 | J80: B0103490 | K80: kg | L80: Cemento Asfaltico 60-70 | M80: 1655.1542 | O80: C0010450 | P80: h | Q80: Formaleta para camisa de pilote | R80: 14722.157
E81: T0010231 | F81: m3k | G81: Transporte de Mezcla en Frio MDF-38 | H81: 1222.0639 | J81: B0103500 | K81: kg | L81: Cemento Asfaltico 80-100 | M81: 1609.1404 | O81: C0010460 | P81: h | Q81: Fresadora de pavimento, potencia 255 HP, peso 19 Ton, PROFUNDIDAD DE CORTE 305 mm | R81: 250160.24
E82: T0010310 | F82: m3k | G82: Transporte de mezcla gruesa en Caliente MGC | H82: 1222.0639 | J82: B0103555 | K82: kg | L82: Cemento Asfaltico con grano de Caucho Reciclado | M82: 2320.6844 | O82: C0010470 | P82: h | Q82: Fresadora y recicladora de pavimento, potencia 430 HP, peso 20 Ton | R82: 424405.91
E83: T0010240 | F83: m3k | G83: Transporte de mezcla MAF-1 | H83: 1222.0639 | J83: B0103491 | K83: kg | L83: Cemento Asfáltico | M83: 1116.4432 | O83: C0010480 | P83: h | Q83: Gato para tensionamiento, fuerza Max 200 ton, área de tensión 314 cm2. | R83: 93361.903
E84: T0010250 | F84: m3k | G84: Transporte de mezcla MAF-2 | H84: 1222.0639 | J84: B0103551 | K84: kg | L84: Cemento Asfáltico Modificado Con Grano De Caucho Reciclado Tipo I | M84: 2262.1524 | O84: C0010490 | P84: h | Q84: Grúa (capacidad 15 ton) | R84: 174071.55
E85: T0010260 | F85: m3k | G85: Transporte de mezcla MAF-3 | H85: 1222.0639 | J85: B0103552 | K85: kg | L85: Cemento Asfáltico Modificado Con Grano De Caucho Reciclado Tipo Il | M85: 2262.1524 | O85: C0010511 | P85: h | Q85: Grúa (Transporte en Obra) | R85: 88927.431
... E123: T0010081 | F123: u | G123: Trasporte de Torre | H123: 383114.92 | J123: B0013781 | K123: u | L123: Delineador De Corona | M123: 37861.516 | O123: C0010780 | P123: h | Q123: Retroexcavadora A25C | R123: 117827.74
J124: B0013780 | K124: u | L124: Delineador de corona en forma de A de lámina galvanizada calibre 16 de (1.55*25) cm | M124: 24919.446 | O124: C0010800 | P124: h | Q124: Retroexcavadora E-200 con martillo neumático | R124: 220163.68
J125: B0013794 | K125: m3 | L125: Derechos de explotación de material pétreo | M125: 3311.3922 | O125: C0010820 | P125: h | Q125: Retroexcavadora E-200 sobre orugas trabajo en rio | R125: 160150.98
J126: B0013790 | K126: m3 | L126: Derechos de explotación y/o disposición de materiales | M126: 3152.0552 | O126: C0010810 | P126: h | Q126: Retroexcavadora E-200 sobre orugas | R126: 140145.37
J127: B014001 | K127: gal | L127: Disolvente para pintura (TINNER) | M127: 27204.087 | O127: C0010831 | P127: h | Q127: Retroexcavadora sobre llantas | R127: 79225.38
J128: B014002 | K128: gal | L128: Disolvente para pintura Trafico (acrílico) | M128: 28432.448 | O128: C0010830 | P128: h | Q128: Retroexcavadora sobre llantas JD 410 | R128: 103947.35
J129: B0013820 | K129: m3 | L129: Disposición de material de derrumbe | M129: 2232.8864 | O129: C0010822 | P129: h | Q129: Retroexcavadora sobre llantas, motor 62HP, Profundidad de excavación de 5.41 metros. | R129: 117527.92
J130: B0013830 | K130: m | L130: Ductos para tensionimiento | M130: 11182.859 | O130: C0010790 | P130: h | Q130: Retroexcavadora sobre oruga, potencia 138 HP, balde de 1,5 m3. | R130: 160974.2
J131: B020011 | K131: lt | L131: Emulsión Asfáltica de Rotura Lenta CRL | M131: 1825.3305 | O131: C0010811 | P131: h | Q131: Retroexcavadora Tipo E-200 o Equivalente | R131: 168854.04
J132: B020012 | K132: lt | L132: Emulsión Asfáltica de Rotura Media Modificada Con Polímeros CRM-m | M132: 1713.6861 | O132: C0010765 | P132: h | Q132: Retroexcavadora, Potencia en el Volante 78 HP 2200 RPM | R132: 146257.19
J133: B020010 | K133: lt | L133: Emulsión asfáltica de rotura media modificada con polímeros CRMm | M133: 1667.0773 | O133: C0010840 | P133: h | Q133: Ruteadora | R133: 1533.3945
J134: B020001 | K134: lt | L134: Emulsión CRL-0 | M134: 1191.0173 | O134: C0010841 | P134: h | Q134: Sensor de Impacto para prueba de integridad tipo | R134: 73786.967
J135: B020002 | K135: lt | L135: Emulsión CRL-1 | M135: 1216.3581 | O135: C0010850 | P135: h | Q135: Taco metálico o puntal (escamas en concreto) | R135: 62.849154
... J160: B0014060 | K160: kg | L160: Gas propano | M160: 3764.4731 | O160: C0010960 | P160: h | Q160: Volqueta 6 m3 | R160: 80790.011
J161: B028001 | K161: m | L161: Geodren circular diámetro 100 mm y altura 2.00 M | M161: 80419.008
J162: B028002 | K162: m | L162: Geodren planar Diamet 100 mm y h=0.50 | M162: 17059.422
J163: B028003 | K163: m | L163: Geodren planar Diamet 100 mm y h=1.00 | M163: 32140.995
J164: B028004 | K164: m | L164: Geodren planar Diamet 100 mm y h=2.00 | M164: 63440.676
J165: B0014112 | K165: m2 | L165: Geomalla Biaxial Para Refuerzo Pbx-11 | M165: 6344.1944
J166: B0264112 | K166: m2 | L166: Geomalla Biaxial Para Refuerzo Pbx-11 | M166: 6344.1944
J167: B0014113 | K167: m2 | L167: Geomalla Biaxial Para Refuerzo Pbx-12 | M167: 10048.258
J168: B0264113 | K168: m2 | L168: Geomalla Biaxial Para Refuerzo Pbx-12 | M168: 10048.258
J169: B026010 | K169: m2 | L169: Geomalla en fibra de vidrio GLASGRID 8511 | M169: 7802.1769
J170: B026013 | K170: m2 | L170: Geomalla en fibra de vidrio GLASGRID 8511 | M170: 7802.1769
J171: B0264116 | K171: M2 | L171: Geomalla Forgrid UX100 | M171: 9136.4076
J172: B0264115 | K172: m2 | L172: Geomalla Fort Gird UX-50 | M172: 9108.7482
... J378: B0015361 | K378: kg | L378: Varilla 5/8 | M378: 3731.3209

Sheet CANTIDADES
E9: periodicidad
C10: Área rocería (m2) | D10: =D11+D12+D13+D14 -> 275333.33 | E10: 12 | F10: =E10*D10 -> 3304000
C11: franjas de seguridad | D11: 262863.84 | F11: =(E10*D10)/10000 -> 330.4
C12: Zona colindante | D12: 2401.0872
C13: Áreas aeroportuarias | D13: 7813.3505
C14: Áreas entre edificaciones | D14: 2255.0558
C15: Canales (ml) | D15: =D16+D17 -> 791.5 | E15: 6 | F15: =ROUND(D15*E15,0) -> 4749
C16: Costado occidental | D16: 167.5
C17: Costado oriental | D17: 624
C18: Cerramiento (ml) | D18: =SUM(D19) -> 4625
D19: 4625
C20: Pista (m2) | D20: =D21*D22 -> 36000 | E20: 0.01 | F20: =D20*E20 -> 360
C21: Longitud | D21: 1200
C22: Ancho | D22: 30
C23: Demarcación (ml) | D23: =F20 -> 360 | E23: 0.2 | F23: =(D23*E23)+F24 -> 1072
D24: 5000 | E24: 0.2 | F24: =D24*E24 -> 1000

Sheet OFERTA ECONOMICA
C3: Formulario 1 - Propuesta económica - Documento tipo de licitación de obra pública de infraestructura de transporte - versión 3
C4: Código | D4: CCE-EICP-FM-14 | E4: Versión | F4: 3
C5: UNIDAD ADMINISTRATIVA ESPECIAL DE AERONAUTICA CIVIL
C6: FORMULARIO 1
C7: PRESUPUESTO OFICIAL
C8: OBJETO: REALIZAR EL MANTENIMIENTO A LA INFRAESTRUCTURA LADO AIRE Y LADO TIERRA DEL AEROPUERTO GERARDO TOVAR LOPEZ DE BUENAVENTURA, VALLE DEL CAUCA.
C12: Nº | D12: ÍTEM DE PAGO | E12: ESPECIFICACIONES | G12: DESCRIPCIÓN | H12: UND. | I12: CANTIDAD | J12: VALOR UNITARIO | K12: VALOR TOTAL
E13: GENERAL | F13: PARTICULAR
C14: 1 | D14: ROCERÍA
D15: 1.1 | G15: ROCERÍA Y LIMPIEZA MANUAL | H15: Ha | I15: =(3304000/10000) -> 330.4 | K15: =+I15*J15 -> 0
D16: 1.2 | G16: SUMINISTRO Y APLICACION DE REPELENTE PARA FUMIGACION | H16: Ha | I16: =(3304000/10000) -> 330.4 | K16: =+I16*J16 -> 0
C17: Subtotal | K17: =+SUM(K15:K16) -> 0
C18: 2 | D18: ESTRUCTURAS Y DRENAJES
D19: 2.1 | G19: LIMPIEZA MANUAL DE ENCOLES Y/O DESCOLES Y/O DISIPADORES Y/O CÁMARAS Y/O ALCANTARILLAS Y/O CAJAS DE INSPECCIÓN Y/O POZOS Y/O BOX COULVERT (INCLUYE DISPOSICIÓN FINAL) | H19: UN | I19: 130 | K19: =+I19*J19 -> 0
D20: 2.2 | G20: LIMPIEZA Y REACONDICIONAMIENTO DE CANALES Y/O ZANJAS DE CORONACIÓN Y/O DISIPADORES Y/O BOX COULVERT REVESTIDOS Y NO REVESTIDOS (INCLUYE DISPOSICIÓN FINAL) | H20: ML | I20: 4749 | K20: =+I20*J20 -> 0
C21: Subtotal | K21: =+SUM(K19:K20) -> 0
C22: 3 | D22: CERRAMIENTO
D23: 3.1 | G23: SUMINISTRO E INSTALACIÓN PARA REPARACIÓN DE CERRAMIENTO EN MALLA ESLABONADA | H23: ML | I23: 4625 | K23: =+I23*J23 -> 0
C24: Subtotal | K24: =+SUM(K23) -> 0
C25: 4 | D25: SEÑALIZACIÓN Y DEMARCACIÓN
D26: 4.1 | G26: SUMINISTRO E INSTALACIÓN DE PINTURA PARA SEÑALIZACIÓN HORIZONTAL DE PISTA, CALLES DE RODAJE Y PLATAFORMA, SEGÚN NORMA FAA - P620 | H26: ML | I26: 2500 | K26: =+I26*J26 -> 0
D27: 4.2 | G27: SUMINISTRO E INSTALACIÓN DE PINTURA PARA SEÑALIZACIÓN HORIZONTAL DE PISTA, CALLES DE RODAJE Y PLATAFORMA SEGÚN NORMA FAA - P620 | H27: M2 | I27: 1200 | K27: =+I27*J27 -> 0
C28: Subtotal | K28: =+SUM(K26:K27) -> 0
C29: 5 | D29: PAVIMENTOS
D30: 5.1 | G30: SUMINISTRO E INSTALACIÓN DE BASE GRANULAR PARA BACHEO TIPO INVIAS (INCLUYE EXCAVACIÓN Y RETIRO DE MATERIAL EXISTENTE) | H30: M3 | I30: 1 | K30: =+I30*J30 -> 0
D31: 5.2 | G31: SUMINISTRO E INSTALACIÓN DE MEZCLA EN CALIENTE TIPO MDC-19 PARA BACHEOS Y PARCHEOS (INCLUYE IMPRIMACIÓN EXCAVACIÓN Y RETIRO DE MATERIAL EXISTENTE). | H31: M3 | I31: 1 | K31: =+I31*J31 -> 0
D32: 5.3 | G32: SUMINISTRO DE MEZCLA DENSA EN FRIO PARA REPARCHEOS DE EMERGENCIA INCLUYE DEMOLICION Y RETIRO. | H32: M3 | I32: 1 | K32: =+I32*J32 -> 0
C33: Subtotal | K33: =+SUM(K30:K32) -> 0
C34: 6 | D34: DESCONTAMINACION DE PISTA
D35: 6.1 | G35: DESCONTAMINACIÓN POR CAUCHO CON HIDROLAVADO | H35: M2 | I35: 200 | K35: =+I35*J35 -> 0
D36: 6.2 | G36: MEDICIÓN DE COEFICIENTE DE ROZAMIENTO INCLUYE MOVILIZACIÓN DEL EQUIPO, PERSONAL Y ANALISIS DEL INFORME | H36: M2 | I36: 700 | K36: =+I36*J36 -> 0
C37: Subtotal | K37: =+SUM(K35:K36) -> 0
C38: 7 | D38: MAMPOSTERIA
D39: 7.1 | G39: SUMINISTRO Y APLICACION DE ESTUCO Y PINTURA | H39: M2 | I39: 200 | K39: =+I39*J39 -> 0
D40: 7.2 | G40: SUMINISTRO Y APLICACION DE ESTUCO Y PINTURA | H40: ML | I40: 200 | K40: =+I40*J40 -> 0
D41: 7.3 | G41: SUMINISTRO Y APLICACION DE PINTURA | H41: M2 | I41: 1200 | K41: =+I41*J41 -> 0
D42: 7.4 | G42: SUMINISTRO Y APLICACIÓN DE PINTURA PARA EXTERIOR | H42: M2 | I42: 1000 | K42: =+I42*J42 -> 0
C43: Subtotal | K43: =+SUM(K39:K42) -> 0
C44: 8 | D44: CUBIERTA Y CIELO RASO
D45: 8.1 | G45: SUMINISTRO E INSTALACIÓN DE TEJA TERMOACUSTICA (INCLUYE RETIRO) | H45: M2 | I45: 250 | K45: =+I45*J45 -> 0
D46: 8.2 | G46: SUMINISTRO E INSTALACIÓN DE CIELORRASO EN LÁMINA DE PVC (INCLUYE RETIRO) | H46: M2 | I46: 130 | K46: =+I46*J46 -> 0
C47: Subtotal | K47: =+SUM(K45:K46) -> 0
C48: 9 | D48: CARPINTERIA METALICA
D49: 9.1 | G49: SUMINITRO E INSTALACIÓN DE PUERTA LAMINA Y MARCO (INCLUYE RETIRO Y CERRADURA) | H49: M2 | I49: 6 | K49: =+I49*J49 -> 0
C50: Subtotal | K50: =+SUM(K49) -> 0
C51: 10 | D51: CRISTALERIA
D52: 10.1 | G52: SUMINISTRO E INSTALACIÓN DE VENTANAL Y MARCO Y/O PUERTA CRISTAL TEMPLADO 8 MM | H52: M2 | I52: 15 | K52: =+I52*J52 -> 0
D53: 10.2 | G53: SUMINITRO E INSTALACIÓN DE VIDRIO 4MM | H53: M2 | I53: 18 | K53: =+I53*J53 -> 0
C54: Subtotal | K54: =+SUM(K52:K53) -> 0
C55: 11 | D55: LIMPIEZA POFUNDA
D56: 11.1 | G56: LIMPIEZA DE FACHADA INCLUYE VENTANERIA Y PUERTAS. | H56: M2 | I56: 360 | K56: =+I56*J56 -> 0
D57: 11.2 | G57: LIMPIEZA DE CUBIERTA INCLUYE ESTRUCTURA METALICA | H57: M2 | I57: 250 | K57: =+I57*J57 -> 0
D58: 11.3 | G58: LIMPIEZA DE CANALES Y BAJANTES | H58: ML | I58: 620 | K58: =+I58*J58 -> 0
D59: 11.4 | G59: MANTENIMIIENTO GENERAL DE BATERIA DE BAÑOS INCLUYE DESINFECCIÓN | H59: UND | I59: 26 | K59: =+I59*J59 -> 0
D60: 11.5 | G60: LIMPIEZA PULIDA Y BRILLO DE PISOS INCLUYE GUARDAESCOBA | H60: M2 | I60: 280 | K60: =+I60*J60 -> 0
C61: Subtotal | K61: =+SUM(K56:K60) -> 0
C62: 12 | D62: MANO DE OBRA Y EQUIPOS
D63: 12.1 | G63: INSTALACIONES Y/O REPARACIONES ELECTRICAS | H63: HORA | I63: 144 | K63: =+I63*J63 -> 0
D64: 12.2 | G64: INSTALACIONES Y/O REPARACIONES HIDRAULICAS Y SANITARIAS | H64: HORA | I64: 144 | K64: =+I64*J64 -> 0
D65: 12.3 | G65: INSTALACIONES Y/O REPARACIONES MENORES EN EDIFICACIONES | H65: HORA | I65: 144 | K65: =+I65*J65 -> 0
C66: Subtotal | K66: =+SUM(K63:K65) -> 0
C67: SUBTOTAL OBRAS | K67: =+ROUND(K17+K21+K24+K43+K47+K50+K54+K61+K33+K28+K37+K66,0) -> 0
G69: IVA SOBRE LA UTILIDAD (19%) | K69: =ROUND((K67/(1+29%))*5%*19%,0) -> 0
G70: SUBTOTAL OBRAS (INCLUYE IVA) | K70: =+K67+K69 -> 0
C72: 13 | D72: BOLSA DEMONTO AGOTABLE
D73: 13.1 | G73: Bolsa de monto agotable para suministro en la instalación y/o reparación de instalaciones eléctricas, hidráulicas – sanitarias y atención de eventualidades en lado tierra | H73: GLB | I73: 1 | K73: =+I73*J73 -> 0
C74: Subtotal | K74: =+SUM(K73) -> 0
G76: VALOR TOTAL | K76: =+K70+K74 -> 0
C79: NOTA 1: Los valores unitarios de los costos directos incluyen la Administracion (A) , los Imprevistos (I) y utilidad. | H79: DESCRIPCION | K79: PORCENTAJE
C80: NOTA 2: Cuando la fracción decimal del peso sea igual o superior a 5 se aproximará por exceso al número entero siguiente del peso y cuando la fracción decimal del peso sea inferior a 5 se aproximará por defecto al número entero del peso. | H80: ADMINISTRACIÓN | J80: A= | K80: 0.22
C81: NOTA 3:El pago de la bolsa de monto agotable que se ejecute en actividades de suministro e instalación y/o reparación de puntos eléctricos, hidráulicos y sanitarios se realizará mediante la siguiente metodología: Una vez la interventoría notifique al contratista de obra del daño de alguna instalación eléctrica y/o sanitaria y/o hidráulica, deberá presentar el mismo día dos cotizaciones del insumo(s) requerido(s) para atender el daño, la interventoría en un término no mayor de dos horas deberá aprobar una de las cotizaciones presentadas y ordenar el arreglo del daño, momento a partir del cual se medirá el tiempo de respuesta descrito en los INDICADORES DE MEDICIÓN PARA EL CUMPLIMIENTO DE LAS ACTIVIDADES DEL MANTENIMIENTO (ver especificaciones técnicas). La anterior metodología aplica para insumos que superen los $ 100.000 pesos M/C. Para valores menos a $100.000 solo se requiere de una cotización. Para el pago el contratista de mantenimiento deberá presentar la factura de compra de los elementos adquiridos al interventor. | H81: IMPREVISTO | J81: I= | K81: 0.02
C82: NOTA 4: El valor de las bolsa de monto agotables para NO podrá ser modificado por los interesados al proceso licitatorio. El no cumplimiento de lo anterior es causal de rechazo. En la etapa de diagnóstico podrá ser modificado con la aprobación de la interventoría y la AEROCIVIL. (ver detalle en el documento estudios previos). | H82: UTILIDAD | J82: U= | K82: 0.05
C83: NOTA 5: El A.I.U y su discriminación presentadas por el INTERESADO deben estar en porcentaje (%). | H83: TOTAL A.I.U | J83: A.I.U.= | K83: =+SUM(K80:K82) -> 0.29

Sheet PRESUPUESTO OFICIAL
C3: Formulario 1 - Propuesta económica - Documento tipo de licitación de obra pública de infraestructura de transporte - versión 3
C4: Código | D4: CCE-EICP-FM-14 | E4: Versión | F4: 3
C5: UNIDAD ADMINISTRATIVA ESPECIAL DE AERONAUTICA CIVIL
C6: FORMULARIO 1
C7: PRESUPUESTO OFICIAL
C8: OBJETO: REALIZAR EL MANTENIMIENTO A LA INFRAESTRUCTURA LADO AIRE Y LADO TIERRA DEL AEROPUERTO GERARDO TOVAR LOPEZ DE BUENAVENTURA, VALLE DEL CAUCA.
C12: Nº | D12: ÍTEM DE PAGO | E12: ESPECIFICACIONES | G12: DESCRIPCIÓN | H12: UND. | I12: CANTIDAD | J12: VALOR UNITARIO | K12: VALOR TOTAL
E13: GENERAL | F13: PARTICULAR
C14: 1 | D14: ROCERÍA
D15: 1.1 | G15: ROCERÍA Y LIMPIEZA MANUAL | H15: Ha | I15: =(3304000/10000) -> 330.4 | J15: =+'1,1'!O62 -> 797119 | K15: =+I15*J15 -> 2.6336812e+08
D16: 1.2 | G16: SUMINISTRO Y APLICACION DE REPELENTE PARA FUMIGACION | H16: Ha | I16: =(3304000/10000) -> 330.4 | J16: =+'1,2'!O61 -> 199234 | K16: =+I16*J16 -> 65826914
C17: Subtotal | K17: =+SUM(K15:K16) -> 3.2919503e+08
C18: 2 | D18: ESTRUCTURAS Y DRENAJES
D19: 2.1 | G19: LIMPIEZA MANUAL DE ENCOLES Y/O DESCOLES Y/O DISIPADORES Y/O CÁMARAS Y/O ALCANTARILLAS Y/O CAJAS DE INSPECCIÓN Y/O POZOS Y/O BOX COULVERT (INCLUYE DISPOSICIÓN FINAL) | H19: UN | I19: 130 | J19: =+'2,1'!O63 -> 32391 | K19: =+I19*J19 -> 4210830
D20: 2.2 | G20: LIMPIEZA Y REACONDICIONAMIENTO DE CANALES Y/O ZANJAS DE CORONACIÓN Y/O DISIPADORES Y/O BOX COULVERT REVESTIDOS Y NO REVESTIDOS (INCLUYE DISPOSICIÓN FINAL) | H20: ML | I20: 4749 | J20: =+'2,2'!O64 -> 22562 | K20: =+I20*J20 -> 107146938
C21: Subtotal | K21: =+SUM(K19:K20) -> 111357768
C22: 3 | D22: CERRAMIENTO
D23: 3.1 | G23: SUMINISTRO E INSTALACIÓN PARA REPARACIÓN DE CERRAMIENTO EN MALLA ESLABONADA | H23: ML | I23: 4625 | J23: =+'3,1'!O74 -> 51908 | K23: =+I23*J23 -> 240074500
C24: Subtotal | K24: =+SUM(K23) -> 240074500
C25: 4 | D25: SEÑALIZACIÓN Y DEMARCACIÓN
D26: 4.1 | G26: SUMINISTRO E INSTALACIÓN DE PINTURA PARA SEÑALIZACIÓN HORIZONTAL DE PISTA, CALLES DE RODAJE Y PLATAFORMA, SEGÚN NORMA FAA - P620 | H26: ML | I26: 2500 | J26: =+'4,1'!O72 -> 6715 | K26: =+I26*J26 -> 16787500
D27: 4.2 | G27: SUMINISTRO E INSTALACIÓN DE PINTURA PARA SEÑALIZACIÓN HORIZONTAL DE PISTA, CALLES DE RODAJE Y PLATAFORMA SEGÚN NORMA FAA - P620 | H27: M2 | I27: 1200 | J27: =+'4,2'!O71 -> 44837 | K27: =+I27*J27 -> 53804400
C28: Subtotal | K28: =+SUM(K26:K27) -> 70591900
C29: 5 | D29: PAVIMENTOS
D30: 5.1 | G30: SUMINISTRO E INSTALACIÓN DE BASE GRANULAR PARA BACHEO TIPO INVIAS (INCLUYE EXCAVACIÓN Y RETIRO DE MATERIAL EXISTENTE) | H30: M3 | I30: 1 | J30: =+'5,1'!O72 -> 231273 | K30: =+I30*J30 -> 231273
D31: 5.2 | G31: SUMINISTRO E INSTALACIÓN DE MEZCLA EN CALIENTE TIPO MDC-19 PARA BACHEOS Y PARCHEOS (INCLUYE IMPRIMACIÓN EXCAVACIÓN Y RETIRO DE MATERIAL EXISTENTE). | H31: M3 | I31: 1 | J31: =+'5,2'!O72 -> 742388 | K31: =+I31*J31 -> 742388
D32: 5.3 | G32: SUMINISTRO DE MEZCLA DENSA EN FRIO PARA REPARCHEOS DE EMERGENCIA INCLUYE DEMOLICION Y RETIRO. | H32: M3 | I32: 1 | J32: =+'5,3'!O72 -> 5731069 | K32: =+I32*J32 -> 5731069
C33: Subtotal | K33: =+SUM(K30:K32) -> 6704730
C34: 6 | D34: DESCONTAMINACION DE PISTA
D35: 6.1 | G35: DESCONTAMINACIÓN POR CAUCHO CON HIDROLAVADO | H35: M2 | I35: 200 | J35: =+'6,1'!O74 -> 10988 | K35: =+I35*J35 -> 2197600
D36: 6.2 | G36: MEDICIÓN DE COEFICIENTE DE ROZAMIENTO INCLUYE MOVILIZACIÓN DEL EQUIPO, PERSONAL Y ANALISIS DEL INFORME | H36: M2 | I36: 700 | J36: =+'6,2'!N67 -> 477 | K36: =+I36*J36 -> 333900
C37: Subtotal | K37: =+SUM(K35:K36) -> 2531500
C38: 7 | D38: MAMPOSTERIA
D39: 7.1 | G39: SUMINISTRO Y APLICACION DE ESTUCO Y PINTURA | H39: M2 | I39: 200 | J39: =+'7,1'!H43 -> 23999 | K39: =+I39*J39 -> 4799800
D40: 7.2 | G40: SUMINISTRO Y APLICACION DE ESTUCO Y PINTURA | H40: ML | I40: 200 | J40: =+'7,2'!H43 -> 14085 | K40: =+I40*J40 -> 2817000
D41: 7.3 | G41: SUMINISTRO Y APLICACION DE PINTURA | H41: M2 | I41: 1200 | J41: =+'7,3'!H43 -> 18507 | K41: =+I41*J41 -> 22208400
D42: 7.4 | G42: SUMINISTRO Y APLICACIÓN DE PINTURA PARA EXTERIOR | H42: M2 | I42: 1000 | J42: =+'7,4'!O72 -> 27821 | K42: =+I42*J42 -> 27821000
C43: Subtotal | K43: =+SUM(K39:K42) -> 57646200
C44: 8 | D44: CUBIERTA Y CIELO RASO
D45: 8.1 | G45: SUMINISTRO E INSTALACIÓN DE TEJA TERMOACUSTICA (INCLUYE RETIRO) | H45: M2 | I45: 250 | J45: =+'8,1'!H43 -> 70320 | K45: =+I45*J45 -> 17580000
D46: 8.2 | G46: SUMINISTRO E INSTALACIÓN DE CIELORRASO EN LÁMINA DE PVC (INCLUYE RETIRO) | H46: M2 | I46: 130 | J46: =+'8,2'!H43 -> 89912 | K46: =+I46*J46 -> 11688560
C47: Subtotal | K47: =+SUM(K45:K46) -> 29268560
C48: 9 | D48: CARPINTERIA METALICA
D49: 9.1 | G49: SUMINITRO E INSTALACIÓN DE PUERTA LAMINA Y MARCO (INCLUYE RETIRO Y CERRADURA) | H49: M2 | I49: 6 | J49: =+'9,1'!H43 -> 252201 | K49: =+I49*J49 -> 1513206
C50: Subtotal | K50: =+SUM(K49) -> 1513206
C51: 10 | D51: CRISTALERIA
D52: 10.1 | G52: SUMINISTRO E INSTALACIÓN DE VENTANAL Y MARCO Y/O PUERTA CRISTAL TEMPLADO 8 MM | H52: M2 | I52: 15 | J52: =+'10,1'!H43 -> 567008 | K52: =+I52*J52 -> 8505120
D53: 10.2 | G53: SUMINITRO E INSTALACIÓN DE VIDRIO 4MM | H53: M2 | I53: 18 | J53: =+'10,2'!H43 -> 41343 | K53: =+I53*J53 -> 744174
C54: Subtotal | K54: =+SUM(K52:K53) -> 9249294
C55: 11 | D55: LIMPIEZA POFUNDA
D56: 11.1 | G56: LIMPIEZA DE FACHADA INCLUYE VENTANERIA Y PUERTAS. | H56: M2 | I56: 360 | J56: =+'11,1'!O75 -> 6346 | K56: =+I56*J56 -> 2284560
D57: 11.2 | G57: LIMPIEZA DE CUBIERTA INCLUYE ESTRUCTURA METALICA | H57: M2 | I57: 250 | J57: =+'11,2'!O74 -> 8632 | K57: =+I57*J57 -> 2158000
D58: 11.3 | G58: LIMPIEZA DE CANALES Y BAJANTES | H58: ML | I58: 620 | J58: =+'11,3'!O74 -> 4455 | K58: =+I58*J58 -> 2762100
D59: 11.4 | G59: MANTENIMIIENTO GENERAL DE BATERIA DE BAÑOS INCLUYE DESINFECCIÓN | H59: UND | I59: 26 | J59: =+'11,4'!O74 -> 812777 | K59: =+I59*J59 -> 21132202
D60: 11.5 | G60: LIMPIEZA PULIDA Y BRILLO DE PISOS INCLUYE GUARDAESCOBA | H60: M2 | I60: 280 | J60: =+'11,5'!O74 -> 33866 | K60: =+I60*J60 -> 9482480
C61: Subtotal | K61: =+SUM(K56:K60) -> 37819342
C62: 12 | D62: MANO DE OBRA Y EQUIPOS
D63: 12.1 | G63: INSTALACIONES Y/O REPARACIONES ELECTRICAS | H63: HORA | I63: 144 | J63: =+'12,1'!J43 -> 14253 | K63: =+I63*J63 -> 2052432
D64: 12.2 | G64: INSTALACIONES Y/O REPARACIONES HIDRAULICAS Y SANITARIAS | H64: HORA | I64: 144 | J64: =+'12,2'!J43 -> 17294 | K64: =+I64*J64 -> 2490336
D65: 12.3 | G65: INSTALACIONES Y/O REPARACIONES MENORES EN EDIFICACIONES | H65: HORA | I65: 144 | J65: =+'12,3'!J43 -> 34588 | K65: =+I65*J65 -> 4980672
C66: Subtotal | K66: =+SUM(K63:K65) -> 9523440
C67: SUBTOTAL OBRAS | K67: =+ROUND(K17+K21+K24+K43+K47+K50+K54+K61+K33+K28+K37+K66,0) -> 905475471
G69: IVA SOBRE LA UTILIDAD (19%) | K69: =ROUND((K67/(1+29%))*5%*19%,0) -> 6668230
G70: SUBTOTAL OBRAS (INCLUYE IVA) | K70: =+K67+K69 -> 912143701
C72: 13 | D72: BOLSA DEMONTO AGOTABLE
D73: 13.1 | G73: Bolsa de monto agotable para suministro en la instalación y/o reparación de instalaciones eléctricas, hidráulicas – sanitarias y atención de eventualidades en lado tierra | H73: GLB | I73: 1 | J73: =+'13,1'!D13 -> 59226262 | K73: =+I73*J73 -> 59226262
C74: Subtotal | K74: =+SUM(K73) -> 59226262
G76: VALOR TOTAL | K76: =+K70+K74 -> 971369963
C79: NOTA 1: Los valores unitarios de los costos directos incluyen la Administracion (A) , los Imprevistos (I) y utilidad. | H79: DESCRIPCION | K79: PORCENTAJE
C80: NOTA 2: Cuando la fracción decimal del peso sea igual o superior a 5 se aproximará por exceso al número entero siguiente del peso y cuando la fracción decimal del peso sea inferior a 5 se aproximará por defecto al número entero del peso. | H80: ADMINISTRACIÓN | J80: A= | K80: 0.22
C81: NOTA 3:El pago de la bolsa de monto agotable que se ejecute en actividades de suministro e instalación y/o reparación de puntos eléctricos, hidráulicos y sanitarios se realizará mediante la siguiente metodología: Una vez la interventoría notifique al contratista de obra del daño de alguna instalación eléctrica y/o sanitaria y/o hidráulica, deberá presentar el mismo día dos cotizaciones del insumo(s) requerido(s) para atender el daño, la interventoría en un término no mayor de dos horas deberá aprobar una de las cotizaciones presentadas y ordenar el arreglo del daño, momento a partir del cual se medirá el tiempo de respuesta descrito en los INDICADORES DE MEDICIÓN PARA EL CUMPLIMIENTO DE LAS ACTIVIDADES DEL MANTENIMIENTO (ver especificaciones técnicas). La anterior metodología aplica para insumos que superen los $ 100.000 pesos M/C. Para valores menos a $100.000 solo se requiere de una cotización. Para el pago el contratista de mantenimiento deberá presentar la factura de compra de los elementos adquiridos al interventor. | H81: IMPREVISTO | J81: I= | K81: 0.02
C82: NOTA 4: El valor de las bolsa de monto agotables para NO podrá ser modificado por los interesados al proceso licitatorio. El no cumplimiento de lo anterior es causal de rechazo. En la etapa de diagnóstico podrá ser modificado con la aprobación de la interventoría y la AEROCIVIL. (ver detalle en el documento estudios previos). | H82: UTILIDAD | J82: U= | K82: 0.05
C83: NOTA 5: El A.I.U y su discriminación presentadas por el INTERESADO deben estar en porcentaje (%). | H83: TOTAL A.I.U | J83: A.I.U.= | K83: =+SUM(K80:K82) -> 0.29

Sheet 1,1
C3: Código | D3: CCE-EICP-FM-14 | E3: Versión | F3: 2
D7: UNIDAD ADMINISTRATIVA ESPECIAL DE AERONAUTICA CIVIL
L8: VERSIÓN
L10: PÁGINA | M10: 1 | N10: DE | O10: 1
D12: ANALISIS DE PRECIOS UNITARIOS
L14: FECHA | M14: DD | N14: MM | O14: AA
M15: 22 | N15: 2 | O15: 2021
C18: DATOS ESPECÍFICOS
C20: ÍTEM | D20: DESCRIPCIÓN | M20: UNIDAD | O20: CANTIDAD
C21: 1.1 | D21: =+'PRESUPUESTO OFICIAL'!G15 -> ROCERÍA Y LIMPIEZA MANUAL | M21: Ha | O21: 1
C25: DESCRIPCIÓN | H25: MARCA | J25: TIPO | L25: TARIFA/HORA | M25: RENDIMIENTO | O25: Vr. UNITARIO
C26: HERRAMIENTA MENOR | M26: 0.01 | O26: =+M26*O50 -> 4290.04
C27: GUADAÑADORA | L27: =+'MATRIZ DE MERCADO LA LT'!J94 -> 85878.27 | M27: 0.5 | O27: =+L27/M27 -> 171756.54
C29: SUBTOTAL $ | O29: =+O28+O27+O26 -> 176046.58
C30: II. MATERIALES
C33: DESCRIPCIÓN | K33: UNIDAD | L33: CANTIDAD | M33: PRECIO UNIT. | O33: Vr. UNITARIO
C34: AGUA | K34: lt | L34: 1 | M34: =+'MATRIZ DE MERCADO LA LT'!J57 -> 41 | O34: =+M34*L34 -> 41
C36: SUBTOTAL $ | O36: =+O35+O34 -> 41
C37: III. TRANSPORTES
C40: MATERIAL | J40: VOL. o PESO | K40: DISTANCIA | L40: CANTIDAD | M40: TARIFA | O40: Vr. UNITARIO
C41: VOLQUETA 6 M3 | K41: 10 | L41: 1 | M41: =+'MATRIZ DE MERCADO LA LT'!J47 -> 1283 | O41: =K41*L41*M41 -> 12830
C43: SUBTOTAL $ | O43: =+O41 -> 12830
C44: IV. MANO DE OBRA
C47: TRABAJADOR | J47: JORNAL | K47: PRESTACIONES | L47: JORNAL TOTAL | M47: RENDIMIENTO | O47: Vr. UNITARIO
C48: RASTRILLERO 2 | J48: =+'MATRIZ DE MERCADO LA LT'!J278 -> 160877 | M48: 0.5 | O48: =+J48/M48 -> 321754
C49: OBRERO | J49: =+'MATRIZ DE MERCADO LA LT'!J245 -> 53625 | M49: 0.5 | O49: =+J49/M49 -> 107250
C50: SUBTOTAL $ | O50: =+O48+O49 -> 429004
C52: TOTAL COSTO DIRECTO $ | O52: =+(O50+O43+O36+O29) -> 617921.58
C53: V. COSTOS INDIRECTOS
C56: Descripción | L56: Porcentaje | M56: Valor Total
C57: ADMINISTRACION | L57: 0.22 | M57: =+O52*L57 -> 135942.75
C58: IMPREVISTOS | L58: 0.02 | M58: =+O52*L58 -> 12358.432
C59: UTILIDAD | L59: 0.05 | M59: =+O52*L59 -> 30896.079
C60: SUBTOTAL $ | O60: =+M59+M58+M57 -> 179197.26
C62: Precio Unitario Total Aproximado al peso $ | O62: =+ROUND(O60+O52,0) -> 797119

Sheet 1,2
C3: Código | D3: CCE-EICP-FM-14 | E3: Versión | F3: 2
D7: UNIDAD ADMINISTRATIVA ESPECIAL DE AERONAUTICA CIVIL
L8: VERSIÓN
D9: =+#REF! -> #REF!
L10: PÁGINA | M10: 1 | N10: DE | O10: 1
D12: ANALISIS DE PRECIOS UNITARIOS
L14: FECHA | M14: DD | N14: MM | O14: AA
M15: 22 | N15: 2 | O15: 2021
C18: DATOS ESPECÍFICOS
C20: ÍTEM | D20: DESCRIPCIÓN | M20: UNIDAD | O20: CANTIDAD
C21: 1.2 | D21: =+'PRESUPUESTO OFICIAL'!G16 -> SUMINISTRO Y APLICACION DE REPELENTE PARA FUMIGACION | M21: Ha | O21: 1
C25: DESCRIPCIÓN | H25: MARCA | J25: TIPO | L25: TARIFA/HORA | M25: RENDIMIENTO | O25: Vr. UNITARIO
C26: HERRAMIENTA MENOR | M26: 0.01 | O26: =+M26*O49 -> 1072.5
C27: FUMIGADOR | L27: =+'MATRIZ DE MERCADO LA LT'!J161 -> 3244.809 | M27: 0.5 | O27: =+L27*M27 -> 1622.4045
C29: SUBTOTAL $ | O29: =+O28+O27+O26 -> 2694.9045 | S29: Diapositiva 1 (safer.com.co)
C30: II. MATERIALES
C33: DESCRIPCIÓN | K33: UNIDAD | L33: CANTIDAD | M33: PRECIO UNIT. | O33: Vr. UNITARIO
C34: REPELENTE | K34: UND | L34: 1 | M34: =+'MATRIZ DE MERCADO LA LT'!J71 -> 44500 | O34: =+L34*M34 -> 44500
C35: SUBTOTAL $ | O35: =+O34 -> 44500
C36: III. TRANSPORTES
C39: MATERIAL | J39: VOL. o PESO | K39: DISTANCIA | L39: CANTIDAD | M39: TARIFA | O39: Vr. UNITARIO
C42: SUBTOTAL $
C43: IV. MANO DE OBRA
C46: TRABAJADOR | J46: JORNAL | K46: PRESTACIONES | L46: JORNAL TOTAL | M46: RENDIMIENTO | O46: Vr. UNITARIO
C47: OBRERO | J47: =+'MATRIZ DE MERCADO LA LT'!J245 -> 53625 | M47: 0.5 | O47: =+J47/M47 -> 107250
C49: SUBTOTAL $ | O49: =+O47 -> 107250
C51: TOTAL COSTO DIRECTO $ | O51: =+(O49+O42+O35+O29) -> 154444.9
C52: V. COSTOS INDIRECTOS
C55: Descripción | L55: Porcentaje | M55: Valor Total
C56: ADMINISTRACION | L56: 0.22 | M56: =+O51*L56 -> 33977.879
C57: IMPREVISTOS | L57: 0.02 | M57: =+O51*L57 -> 3088.8981
C58: UTILIDAD | L58: 0.05 | M58: =+O51*L58 -> 7722.2452
C59: SUBTOTAL $ | O59: =+M58+M57+M56 -> 44789.022
C61: Precio Unitario Total Aproximado al peso $ | O61: =+ROUND(O59+O51,0) -> 199234

Sheet 2,1
C3: Código | D3: CCE-EICP-FM-14 | E3: Versión | F3: 2
D7: UNIDAD ADMINISTRATIVA ESPECIAL DE AERONAUTICA CIVIL
L8: VERSIÓN
D9: =+#REF! -> #REF!
L10: PÁGINA | M10: 1 | N10: DE | O10: 1
D12: ANALISIS DE PRECIOS UNITARIOS
L14: FECHA | M14: DD | N14: MM | O14: AA
M15: 22 | N15: 2 | O15: 2021
C17: DATOS ESPECÍFICOS
C19: ÍTEM | D19: DESCRIPCIÓN | M19: UNIDAD | O19: CANTIDAD
C20: 2.1 | D20: LIMPIEZA MANUAL DE ENCOLES Y/O DESCOLES Y/O DISIPADORES Y/O CÁMARAS Y/O ALCANTARILLAS Y/O CAJAS DE INSPECCIÓN Y/O POZOS Y/O BOX COULVERT (INCLUYE DISPOSICIÓN FINAL) | M20: UN | O20: 1
C21: I. EQUIPO
C24: DESCRIPCIÓN | H24: MARCA | J24: TIPO | L24: TARIFA/HORA | M24: RENDIMIENTO | O24: Vr. UNITARIO
C25: HERRAMIENTA MENOR | M25: 0.15 | O25: =+M25*O51 -> 1608.765
C29: SUBTOTAL $ | O29: =+O28+O27+O26+O25 -> 1608.765
C30: II. MATERIALES
C33: DESCRIPCIÓN | K33: UNIDAD | L33: CANTIDAD | M33: PRECIO UNIT. | O33: Vr. UNITARIO
C36: SUBTOTAL $ | O36: =+O35+O34 -> 0
C37: III. TRANSPORTES
C40: MATERIAL | J40: VOL. o PESO | K40: DISTANCIA | L40: M3 o Ton/Km | M40: TARIFA | O40: Vr. UNITARIO
C41: VOLQUETA 6 M3 | K41: 10 | M41: =+'MATRIZ DE MERCADO LA LT'!J92 -> 1257 | O41: =+K41*M41 -> 12570
C42: DISPOSICIÓN | K42: 0.16 | M42: =+'MATRIZ DE MERCADO LA LT'!J47 -> 1283 | O42: =+M42*K42 -> 205.28
C43: SUBTOTAL $ | O43: =+O42+O41 -> 12775.28
C44: IV. MANO DE OBRA
C47: TRABAJADOR | J47: JORNAL | K47: PRESTACIONES | L47: JORNAL TOTAL | M47: RENDIMIENTO | O47: Vr. UNITARIO
C48: OBRERO (2) | J48: =+'MATRIZ DE MERCADO LA LT'!J248 -> 107251 | M48: 10 | O48: =+J48/M48 -> 10725.1
C51: SUBTOTAL $ | O51: =+O48 -> 10725.1
C53: TOTAL COSTO DIRECTO $ | O53: =+O51+O43+O29 -> 25109.145
C54: V. COSTOS INDIRECTOS
C57: Descripción | L57: Porcentaje | M57: Valor Total
C58: ADMINISTRACION | L58: 0.22 | M58: =+O53*L58 -> 5524.0119
C59: IMPREVISTOS | L59: 0.02 | M59: =+O53*L59 -> 502.1829
C60: UTILIDAD | L60: 0.05 | M60: =+O53*L60 -> 1255.4573
C61: SUBTOTAL $ | O61: =+M60+M59+M58 -> 7281.6521
C63: Precio Unitario Total Aproximado al peso $ | O63: =+ROUND(O61+O53,0) -> 32391

Sheet 2,2
C3: Código | D3: CCE-EICP-FM-14 | E3: Versión | F3: 2
D7: UNIDAD ADMINISTRATIVA ESPECIAL DE AERONAUTICA CIVIL
L8: VERSIÓN
D9: =+#REF! -> #REF!
L10: PÁGINA | M10: 1 | N10: DE | O10: 1
D12: ANALISIS DE PRECIOS UNITARIOS
L14: FECHA | M14: DD | N14: MM | O14: AA
M15: 22 | N15: 2 | O15: 2021
C18: DATOS ESPECÍFICOS
C20: ÍTEM | D20: DESCRIPCIÓN | M20: UNIDAD | O20: CANTIDAD
C21: 2.2 | D21: LIMPIEZA Y REACONDICIONAMIENTO DE CANALES Y/O ZANJAS DE CORONACIÓN Y/O DISIPADORES Y/O BOX COULVERT REVESTIDOS Y NO REVESTIDOS (INCLUYE DISPOSICIÓN FINAL) | M21: ML | O21: 1
C22: I. EQUIPO
C25: DESCRIPCIÓN | H25: MARCA | J25: TIPO | L25: TARIFA/HORA | M25: RENDIMIENTO | O25: Vr. UNITARIO
C26: HERRAMIENTA MENOR | M26: 0.1 | O26: =+M26*O52 -> 134.06375
C27: RETROCARGADOR | L27: =+'MATRIZ DE MERCADO LA LT'!J158 -> 129601 | M27: 40 | O27: =+L27/M27 -> 3240.025
C30: SUBTOTAL $ | O30: =+O29+O28+O27+O26 -> 3374.0887
C31: II. MATERIALES
C34: DESCRIPCIÓN | K34: UNIDAD | L34: CANTIDAD | M34: PRECIO UNIT. | O34: Vr. UNITARIO
C37: SUBTOTAL $ | O37: =+O36+O35 -> 0
C38: III. TRANSPORTES
C41: MATERIAL | J41: VOL. o PESO | K41: DISTANCIA | L41: M3 o Ton/Km | M41: TARIFA | O41: Vr. UNITARIO
C42: VOLQUETA 6 M3 | K42: 10 | M42: =+'MATRIZ DE MERCADO LA LT'!J92 -> 1257 | O42: =+K42*M42 -> 12570
C43: DISPOSICIÓN | K43: 0.16 | M43: =+'MATRIZ DE MERCADO LA LT'!J47 -> 1283 | O43: =+M43*K43 -> 205.28
C44: SUBTOTAL $ | O44: =+O43+O42 -> 12775.28
C45: IV. MANO DE OBRA
C48: TRABAJADOR | J48: JORNAL | K48: PRESTACIONES | L48: JORNAL TOTAL | M48: RENDIMIENTO | O48: Vr. UNITARIO
C49: OBRERO 2 | J49: =+'MATRIZ DE MERCADO LA LT'!J248 -> 107251 | M49: 80 | O49: =+J49/M49 -> 1340.6375
C52: SUBTOTAL $ | O52: =+O49 -> 1340.6375
C54: TOTAL COSTO DIRECTO $ | O54: =+O52+O44+O30 -> 17490.006
C55: V. COSTOS INDIRECTOS
C58: Descripción | L58: Porcentaje | M58: Valor Total
C59: ADMINISTRACION | L59: 0.22 | M59: =+O54*L59 -> 3847.8014
C60: IMPREVISTOS | L60: 0.02 | M60: =+O54*L60 -> 349.80013
C61: UTILIDAD | L61: 0.05 | M61: =+O54*L61 -> 874.50031
C62: SUBTOTAL $ | O62: =+M61+M60+M59 -> 5072.1018
C64: Precio Unitario Total Aproximado al peso $ | O64: =+ROUND(O62+O54,0) -> 22562

Sheet 3,1
D5: UNIDAD ADMINISTRATIVA ESPECIAL DE AERONAUTICA CIVIL
L6: VERSIÓN
L8: PÁGINA | M8: 1 | N8: DE | O8: 1
D10: ANALISIS DE PRECIOS UNITARIOS
L12: FECHA | M12: DD | N12: MM | O12: AA
M13: 22 | N13: 2 | O13: 2021
C16: DATOS ESPECÍFICOS
C18: ÍTEM | D18: DESCRIPCIÓN | M18: UNIDAD | O18: CANTIDAD
C19: 3.1 | D19: =+'PRESUPUESTO OFICIAL'!G23 -> SUMINISTRO E INSTALACIÓN PARA REPARACIÓN DE CERRAMIENTO EN MALLA ESLABONADA | M19: ML | O19: 1
C20: I. EQUIPO
C23: DESCRIPCIÓN | H23: MARCA | J23: TIPO | L23: TARIFA/HORA | M23: RENDIMIENTO | O23: Vr. UNITARIO
C24: HERRAMIENTA MENOR | M24: 0.1 | O24: =M24*O62 -> 1340.6375
C25: EQUIPO DE SOLDADURA | L25: =+'MATRIZ DE MERCADO LA LT'!J162 -> 6866 | M25: 0.3 | O25: =+L25*M25 -> 2059.8
C26: PLANTA ELÉCTRICA | L26: =+'MATRIZ DE MERCADO LA LT'!J131 -> 11796 | M26: 0.3 | O26: =L26*M26 -> 3538.8
C31: SUBTOTAL $ | O31: =SUM(O24:O30) -> 6939.2375
C32: II. MATERIALES
C35: DESCRIPCIÓN | K35: UNIDAD | L35: CANTIDAD | M35: PRECIO UNIT. | O35: Vr. UNITARIO
C36: TUBO 2" GALVANIZADO ESP. 0.075" | K36: m | L36: 0.1 | M36: =+'MATRIZ DE MERCADO LA LT'!J41 -> 25107 | O36: =L36*M36 -> 2510.7
C37: CONCERTINA | K37: m | L37: 1 | M37: 7990 | O37: =L37*M37 -> 7990 | P37: Concertina 10mt máx. 30cm DIAMETRO máx. 67 CIRCULOS - Homecenter.com.co
C38: MALLA ENCAUCHETADA | K38: ml | L38: 0.2 | M38: =+'MATRIZ DE MERCADO LA LT'!J37 -> 27026 | O38: =L38*M38 -> 5405.2
C39: =+'PRESUPUESTO OFICIAL'!G23 -> SUMINISTRO E INSTALACIÓN PARA REPARACIÓN DE CERRAMIENTO EN MALLA ESLABONADA | K39: gal | L39: 0.01 | M39: =+'MATRIZ DE MERCADO LA LT'!J43 -> 44641 | O39: =L39*M39 -> 446.41
C40: ESMALTE | K40: ML | L40: 0.01 | M40: =+'MATRIZ DE MERCADO LA LT'!J33 -> 70400 | O40: =L40*M40 -> 704
C41: SOLDADURA | K41: kg | L41: 0.2 | M41: =+'MATRIZ DE MERCADO LA LT'!J146 -> 10833 | O41: =L41*M41 -> 2166.6
C42: ANGULOS Y PLATINAS | K42: % | L42: 0.05 | M42: =+L42*O62 -> 670.31875 | O42: =+M42 -> 670.31875
C44: SUBTOTAL $ | O44: =SUM(O36:O43) -> 19893.229
C45: III. TRANSPORTES
C48: MATERIAL | J48: VOL. o PESO | K48: DISTANCIA | L48: M3 o Ton/Km | M48: TARIFA | O48: Vr. UNITARIO
C53: SUBTOTAL $
C54: IV. MANO DE OBRA
C57: TRABAJADOR | J57: JORNAL | K57: PRESTACIONES | L57: JORNAL TOTAL | M57: RENDIMIENTO | O57: Vr. UNITARIO
C58: OFICIAL | J58: =+'MATRIZ DE MERCADO LA LT'!J272 -> 107251 | M58: 24 | O58: =+J58/M58 -> 4468.7917
C59: OBRERO (2) | J59: =+'MATRIZ DE MERCADO LA LT'!J248 -> 107251 | M59: 12 | O59: =+J59/M59 -> 8937.5833
C62: SUBTOTAL $ | O62: =SUM(O58:O61) -> 13406.375
C64: TOTAL COSTO DIRECTO $ | O64: =+O62+O53+O44+O31 -> 40238.841
C65: V. COSTOS INDIRECTOS
C68: Descripción | L68: Porcentaje | M68: Valor Total
C69: ADMINISTRACION | L69: 0.22 | M69: =O64*L69 -> 8852.5451
C70: IMPREVISTOS | L70: 0.02 | M70: =O64*L70 -> 804.77682
C71: UTILIDAD | L71: 0.05 | M71: =O64*L71 -> 2011.9421
C72: SUBTOTAL $ | O72: =SUM(M69:N71) -> 11669.264
C74: Precio Unitario Total Aproximado al peso $ | O74: =ROUND(O72+O64,0) -> 51908

Sheet 4,1
C3: Código | D3: CCE-EICP-FM-14 | E3: Versión | F3: 2
D7: UNIDAD ADMINISTRATIVA ESPECIAL DE AERONAUTICA CIVIL
L8: VERSIÓN
L10: PÁGINA | M10: 1 | N10: DE | O10: 1
D12: ANALISIS DE PRECIOS UNITARIOS
L14: FECHA | M14: DD | N14: MM | O14: AA
C18: DATOS ESPECÍFICOS
C20: ÍTEM | D20: DESCRIPCIÓN | M20: UNIDAD | O20: CANTIDAD
C21: 4.1 | D21: SUMINISTRO E INSTALACIÓN DE PINTURA PARA SEÑALIZACIÓN HORIZONTAL DE PISTA, CALLES DE RODAJE Y PLATAFORMA, SEGÚN NORMA FAA - P620 | M21: ML | O21: 1
C22: I. EQUIPO
C25: DESCRIPCIÓN | H25: MARCA | J25: TIPO | L25: TARIFA/HORA | M25: RENDIMIENTO | O25: Vr. UNITARIO
C26: HERRAMIENTA MENOR | M26: 0.1 | O26: =+M26*O60 -> 26.81275
C27: CAMIONET D-300 O SIMILAR | L27: =+'MATRIZ DE MERCADO LA LT'!J112 -> 47318 | M27: 133 | O27: =+L27/M27 -> 355.77444
C28: EQUIPO PARA PINTURA | L28: =+'MATRIZ DE MERCADO LA LT'!J128 -> 15779 | M28: 133 | O28: =+L28/M28 -> 118.6391
C29: ILUMINACIÓN | L29: =+'MATRIZ DE MERCADO LA LT'!J69 -> 16407.812 | M29: 133 | O29: =+L29/M29 -> 123.36701
C30: SOPLADOR | L30: =+'MATRIZ DE MERCADO LA LT'!J96 -> 3925 | M30: 133 | O30: =+L30/M30 -> 29.511278
C31: SUBTOTAL $ | O31: =+O30+O29+O28+O26+O27 -> 654.10457
C32: II. MATERIALES
C35: DESCRIPCIÓN | K35: UNIDAD | L35: CANTIDAD | M35: PRECIO UNIT. | O35: Vr. UNITARIO
C36: ESFERAS REFLECTIVAS | K36: KG | L36: 0.05 | M36: =+'MATRIZ DE MERCADO LA LT'!J51 -> 6671 | O36: =+L36*M36 -> 333.55
C37: PINTURA DE TRAFICO DEMARCACIÓN | K37: GAL | L37: 0.02 | M37: =+'MATRIZ DE MERCADO LA LT'!J45 -> 130949 | O37: =+L37*M37 -> 2618.98
C38: DISOLVENTE ACRILICO | K38: GAL | L38: 0.01 | M38: =+'MATRIZ DE MERCADO LA LT'!J149 -> 23916 | O38: =+L38*M38 -> 239.16
C39: IMPRIMIANTE | K39: GAL | L39: 0.02 | M39: =+'MATRIZ DE MERCADO LA LT'!J155 -> 54594 | O39: =+L39*M39 -> 1091.88
C44: SUBTOTAL $ | O44: =SUM(O36:O43) -> 4283.57
C45: III. TRANSPORTES
C48: MATERIAL | J48: VOL. o PESO | K48: DISTANCIA | L48: M3 o Ton/Km | M48: TARIFA | O48: Vr. UNITARIO
C51: SUBTOTAL $ | O51: =+O50+O49 -> 0
C52: IV. MANO DE OBRA
C55: TRABAJADOR | J55: JORNAL | K55: PRESTACIONES | L55: JORNAL TOTAL | M55: RENDIMIENTO | O55: Vr. UNITARIO
C56: OFICIAL | J56: =+'MATRIZ DE MERCADO LA LT'!J272 -> 107251 | M56: 800 | O56: =+J56/M56 -> 134.06375
C57: OBRERO (2) | J57: =+'MATRIZ DE MERCADO LA LT'!J248 -> 107251 | M57: 800 | O57: =+J57/M57 -> 134.06375
C60: SUBTOTAL $ | O60: =+O57+O56 -> 268.1275
C62: TOTAL COSTO DIRECTO $ | O62: =+O60+O51+O31+O44 -> 5205.8021
C63: V. COSTOS INDIRECTOS
C66: Descripción | L66: Porcentaje | M66: Valor Total
C67: ADMINISTRACION | L67: 0.22 | M67: =+O62*L67 -> 1145.2765
C68: IMPREVISTOS | L68: 0.02 | M68: =+O62*L68 -> 104.11604
C69: UTILIDAD | L69: 0.05 | M69: =+O62*L69 -> 260.2901
C70: SUBTOTAL $ | O70: =+M69+M68+M67 -> 1509.6826
C72: Precio Unitario Total Aproximado al peso $ | O72: =+ROUND(O70+O62,0) -> 6715

Sheet 4,2
C3: Código | D3: CCE-EICP-FM-14 | E3: Versión | F3: 2
D7: UNIDAD ADMINISTRATIVA ESPECIAL DE AERONAUTICA CIVIL
L8: VERSIÓN
L10: PÁGINA | M10: 1 | N10: DE | O10: 1
D12: ANALISIS DE PRECIOS UNITARIOS
L14: FECHA | M14: DD | N14: MM | O14: AA
C17: DATOS ESPECÍFICOS
C19: ÍTEM | D19: DESCRIPCIÓN | M19: UNIDAD | O19: CANTIDAD
C20: 4.2 | D20: SUMINISTRO E INSTALACIÓN DE PINTURA PARA SEÑALIZACIÓN HORIZONTAL DE PISTA, CALLES DE RODAJE Y PLATAFORMA SEGÚN NORMA FAA - P620 | M20: M2 | O20: 1
C21: I. EQUIPO
C24: DESCRIPCIÓN | H24: MARCA | J24: TIPO | L24: TARIFA/HORA | M24: RENDIMIENTO | O24: Vr. UNITARIO
C25: HERRAMIENTA MENOR | M25: 0.1 | O25: =+M25*O59 -> 357.50333
C26: CAMIONET D-300 O SIMILAR | L26: =+'MATRIZ DE MERCADO LA LT'!J112 -> 47318 | M26: 7.5 | O26: =+L26/M26 -> 6309.0667
C27: EQUIPO PARA PINTURA | L27: =+'MATRIZ DE MERCADO LA LT'!J128 -> 15779 | M27: 7.5 | O27: =+L27/M27 -> 2103.8667
C28: ILUMINACIÓN | L28: =+'MATRIZ DE MERCADO LA LT'!J69 -> 16407.812 | M28: 7.5 | O28: =+L28/M28 -> 2187.7083
C29: SOPLADOR | L29: =+'MATRIZ DE MERCADO LA LT'!J96 -> 3925 | M29: 7.5 | O29: =+L29/M29 -> 523.33333
C30: SUBTOTAL $ | O30: =+O29+O28+O27+O25+O26 -> 11481.478
C31: II. MATERIALES
C34: DESCRIPCIÓN | K34: UNIDAD | L34: CANTIDAD | M34: PRECIO UNIT. | O34: Vr. UNITARIO
C35: ESFERAS REFLECTIVAS | K35: KG | L35: 0.3 | M35: =+'MATRIZ DE MERCADO LA LT'!J51 -> 6671 | O35: =+L35*M35 -> 2001.3
C36: PINTURA DE TRAFICO DEMARCACIÓN | K36: GAL | L36: 0.125 | M36: =+'MATRIZ DE MERCADO LA LT'!J45 -> 130949 | O36: =+L36*M36 -> 16368.625
C37: DISOLVENTE ACRILICO | K37: GAL | L37: 0.01 | M37: =+'MATRIZ DE MERCADO LA LT'!J149 -> 23916 | O37: =+L37*M37 -> 239.16
C38: IMPRIMIANTE | K38: GAL | L38: 0.02 | M38: =+'MATRIZ DE MERCADO LA LT'!J155 -> 54594 | O38: =+L38*M38 -> 1091.88
O39: =+L39*M39 -> 0
O40: =+L40*M40 -> 0
O41: =+L41*O59 -> 0
C43: SUBTOTAL $ | O43: =SUM(O35:O42) -> 19700.965
C44: III. TRANSPORTES
C47: MATERIAL | J47: VOL. o PESO | K47: DISTANCIA | L47: M3 o Ton/Km | M47: TARIFA | O47: Vr. UNITARIO
C50: SUBTOTAL $ | O50: =+O49+O48 -> 0
C51: IV. MANO DE OBRA
C54: TRABAJADOR | J54: JORNAL | K54: PRESTACIONES | L54: JORNAL TOTAL | M54: RENDIMIENTO | O54: Vr. UNITARIO
C55: OFICIAL | J55: =+'MATRIZ DE MERCADO LA LT'!J272 -> 107251 | M55: 60 | O55: =+J55/M55 -> 1787.5167
C56: OBRERO (2) | J56: =+'MATRIZ DE MERCADO LA LT'!J248 -> 107251 | M56: 60 | O56: =+J56/M56 -> 1787.5167
C59: SUBTOTAL $ | O59: =+O56+O55 -> 3575.0333
C61: TOTAL COSTO DIRECTO $ | O61: =+O59+O50+O30+O43 -> 34757.477
C62: V. COSTOS INDIRECTOS
C65: Descripción | L65: Porcentaje | M65: Valor Total
C66: ADMINISTRACION | L66: 0.22 | M66: =+O61*L66 -> 7646.6449
C67: IMPREVISTOS | L67: 0.02 | M67: =+O61*L67 -> 695.14953
C68: UTILIDAD | L68: 0.05 | M68: =+O61*L68 -> 1737.8738
C69: SUBTOTAL $ | O69: =+M68+M67+M66 -> 10079.668
C71: Precio Unitario Total Aproximado al peso $ | O71: =+ROUND(O69+O61,0) -> 44837

Sheet 5,1
C3: Código | D3: CCE-EICP-FM-14 | E3: Versión | F3: 2
D7: UNIDAD ADMINISTRATIVA ESPECIAL DE AERONAUTICA CIVIL
L8: VERSIÓN
L10: PÁGINA | M10: 1 | N10: DE | O10: 1
D12: ANALISIS DE PRECIOS UNITARIOS
L14: FECHA | M14: DD | N14: MM | O14: AA
C18: DATOS ESPECÍFICOS
C20: ÍTEM | D20: DESCRIPCIÓN | M20: UNIDAD | O20: CANTIDAD
C21: 5.1 | D21: SUMINISTRO E INSTALACIÓN DE BASE GRANULAR PARA BACHEO TIPO INVIAS (INCLUYE EXCAVACIÓN Y RETIRO DE MATERIAL EXISTENTE) | M21: M3 | O21: 1
C22: I. EQUIPO
C25: DESCRIPCIÓN | H25: MARCA | J25: TIPO | L25: TARIFA/HORA | M25: RENDIMIENTO | O25: Vr. UNITARIO
C26: HERRAMIENTA MENOR | M26: 0.1 | O26: =+M26*O60 -> 1608.77
C27: COMPACTADOR NEUMATICO | L27: =+'MATRIZ DE MERCADO LA LT'!J86 -> 92053 | M27: 2.5 | O27: =+L27/M27 -> 36821.2
C28: RETROCARGADOR | L28: =+'MATRIZ DE MERCADO LA LT'!J158 -> 129601 | M28: 2.5 | O28: =+L28/M28 -> 51840.4
C29: ILUMINACIÓN | L29: =+'MATRIZ DE MERCADO LA LT'!J69 -> 16407.812 | M29: 2.5 | O29: =+L29/M29 -> 6563.125
C31: SUBTOTAL $ | O31: =+O30+O29+O28+O26+O27 -> 96833.495
C32: II. MATERIALES
C35: DESCRIPCIÓN | K35: UNIDAD | L35: CANTIDAD | M35: PRECIO UNIT. | O35: Vr. UNITARIO
C36: MATERIAL DE BASE GRANULAR NORMA INVIAS | K36: M3 | L36: 1.3 | M36: =+'MATRIZ DE MERCADO LA LT'!J4 -> 40172 | O36: =+L36*M36 -> 52223.6
C37: AGUA | K37: L | L37: 24 | M37: =+'MATRIZ DE MERCADO LA LT'!J57 -> 41 | O37: =+L37*M37 -> 984
O38: =+L38*M38 -> 0
O39: =+L39*M39 -> 0
O40: =+L40*M40 -> 0
O41: =+L41*M41 -> 0
O42: =+L42*O60 -> 0
C44: SUBTOTAL $ | O44: =SUM(O36:O43) -> 53207.6
C45: III. TRANSPORTES
C48: MATERIAL | J48: VOL. o PESO | K48: DISTANCIA | L48: M3 o Ton/Km | M48: TARIFA | O48: Vr. UNITARIO
C49: VOLQUETA 6 M3 | K49: 10.3 | M49: =+'MATRIZ DE MERCADO LA LT'!J92 -> 1257 | O49: =+M49*K49 -> 12947.1
C50: DISPOSICIÓN | K50: 0.16 | M50: =+'MATRIZ DE MERCADO LA LT'!J47 -> 1283 | O50: =+M50*K50 -> 205.28
C51: SUBTOTAL $ | O51: =+O50+O49 -> 13152.38
C52: IV. MANO DE OBRA
C55: TRABAJADOR | J55: JORNAL | K55: PRESTACIONES | L55: JORNAL TOTAL | M55: RENDIMIENTO | O55: Vr. UNITARIO
C56: OFICIAL | J56: =+'MATRIZ DE MERCADO LA LT'!J272 -> 107251 | M56: 20 | O56: =+J56/M56 -> 5362.55
C57: OBRERO (4) | J57: =+'MATRIZ DE MERCADO LA LT'!J254 -> 214503 | M57: 20 | O57: =+J57/M57 -> 10725.15
C60: SUBTOTAL $ | O60: =+O57+O56 -> 16087.7
C62: TOTAL COSTO DIRECTO $ | O62: =+O60+O51+O31+O44 -> 179281.17
C63: V. COSTOS INDIRECTOS
C66: Descripción | L66: Porcentaje | M66: Valor Total
C67: ADMINISTRACION | L67: 0.22 | M67: =+O62*L67 -> 39441.858
C68: IMPREVISTOS | L68: 0.02 | M68: =+O62*L68 -> 3585.6235
C69: UTILIDAD | L69: 0.05 | M69: =+O62*L69 -> 8964.0588
C70: SUBTOTAL $ | O70: =+M69+M68+M67 -> 51991.541
C72: Precio Unitario Total Aproximado al peso $ | O72: =+ROUND(O70+O62,0) -> 231273

Sheet 5,2
C3: Código | D3: CCE-EICP-FM-14 | E3: Versión | F3: 2
D7: UNIDAD ADMINISTRATIVA ESPECIAL DE AERONAUTICA CIVIL
L8: VERSIÓN
L10: PÁGINA | M10: 1 | N10: DE | O10: 1
D12: ANALISIS DE PRECIOS UNITARIOS
L14: FECHA | M14: DD | N14: MM | O14: AA
C18: DATOS ESPECÍFICOS
C20: ÍTEM | D20: DESCRIPCIÓN | M20: UNIDAD | O20: CANTIDAD
C21: 5.2 | D21: SUMINISTRO E INSTALACIÓN DE MEZCLA EN CALIENTE TIPO MDC-19 PARA BACHEOS Y PARCHEOS (INCLUYE IMPRIMACIÓN EXCAVACIÓN Y RETIRO DE MATERIAL EXISTENTE). | M21: M3 | O21: 1
C22: I. EQUIPO
C25: DESCRIPCIÓN | H25: MARCA | J25: TIPO | L25: TARIFA/HORA | M25: RENDIMIENTO | O25: Vr. UNITARIO
C26: HERRAMIENTA MENOR | M26: 0.1 | O26: =+M26*O60 -> 1005.4825
C27: COMPACTADOR NEUMATICO | L27: =+'MATRIZ DE MERCADO LA LT'!J86 -> 92053 | M27: 8.75 | O27: =+L27/M27 -> 10520.343
C28: COMPRESOR | L28: =+'MATRIZ DE MERCADO LA LT'!J143 -> 63006 | M28: 8.75 | O28: =+L28/M28 -> 7200.6857
C29: CORTADORA DE PAVIMENTO | L29: =+'MATRIZ DE MERCADO LA LT'!J88 -> 6063 | M29: 8.75 | O29: =+L29/M29 -> 692.91429
C30: ILUMINACIÓN | L30: =+'MATRIZ DE MERCADO LA LT'!J69 -> 16407.812 | M30: 8.75 | O30: =+L30/M30 -> 1875.1786
C31: SUBTOTAL $ | O31: =+O30+O29+O28+O26+O27 -> 21294.604
C32: II. MATERIALES
C35: DESCRIPCIÓN | K35: UNIDAD | L35: CANTIDAD | M35: PRECIO UNIT. | O35: Vr. UNITARIO
C36: MEZCLA DENSA EN CALIENTE MCD-19 | K36: M3 | L36: 1.25 | M36: =+'MATRIZ DE MERCADO LA LT'!J25 -> 414070 | O36: =+L36*M36 -> 517587.5
C37: EMULSION ASFALTICA CRL-1 | K37: L | L37: 1 | M37: =+'MATRIZ DE MERCADO LA LT'!J23 -> 1212 | O37: =+L37*M37 -> 1212
C44: SUBTOTAL $ | O44: =SUM(O36:O43) -> 518799.5
C45: III. TRANSPORTES
C48: MATERIAL | J48: VOL. o PESO | K48: DISTANCIA | L48: M3 o Ton/Km | M48: TARIFA | O48: Vr. UNITARIO
C49: VOLQUETA 6 M3 | K49: 20 | M49: =+'MATRIZ DE MERCADO LA LT'!J92 -> 1257 | O49: =+M49*K49 -> 25140
C50: DISPOSICIÓN | K50: 0.16 | M50: =+'MATRIZ DE MERCADO LA LT'!J47 -> 1283 | O50: =+M50*K50 -> 205.28
C51: SUBTOTAL $ | O51: =+O50+O49 -> 25345.28
C52: IV. MANO DE OBRA
C55: TRABAJADOR | J55: JORNAL | K55: PRESTACIONES | L55: JORNAL TOTAL | M55: RENDIMIENTO | O55: Vr. UNITARIO
C56: OFICIAL | J56: =+'MATRIZ DE MERCADO LA LT'!J272 -> 107251 | M56: 70 | O56: =+J56/M56 -> 1532.1571
C57: OBRERO (4) | J57: =+'MATRIZ DE MERCADO LA LT'!J254 -> 214503 | M57: 70 | O57: =+J57/M57 -> 3064.3286
C58: RATRILLERO (2) | J58: =+'MATRIZ DE MERCADO LA LT'!J275 -> 80439 | M58: 70 | O58: =+J58/M58 -> 1149.1286
C59: RECARGO NOCTURNO | O59: =+(O56+O57+O58)*0.75 -> 4309.2107
C60: SUBTOTAL $ | O60: =+O57+O56+O58+O59 -> 10054.825
C62: TOTAL COSTO DIRECTO $ | O62: =+O60+O51+O31+O44 -> 575494.21
C63: V. COSTOS INDIRECTOS
C66: Descripción | L66: Porcentaje | M66: Valor Total
C67: ADMINISTRACION | L67: 0.22 | M67: =+O62*L67 -> 126608.73
C68: IMPREVISTOS | L68: 0.02 | M68: =+O62*L68 -> 11509.884
C69: UTILIDAD | L69: 0.05 | M69: =+O62*L69 -> 28774.71
C70: SUBTOTAL $ | O70: =+M69+M68+M67 -> 166893.32
C72: Precio Unitario Total Aproximado al peso $ | O72: =+ROUND(O70+O62,0) -> 742388

Sheet 5,3
C3: Código | D3: CCE-EICP-FM-14 | E3: Versión | F3: 2
D7: UNIDAD ADMINISTRATIVA ESPECIAL DE AERONAUTICA CIVIL
L8: VERSIÓN
L10: PÁGINA | M10: 1 | N10: DE | O10: 1
D12: ANALISIS DE PRECIOS UNITARIOS
L14: FECHA | M14: DD | N14: MM | O14: AA
C18: DATOS ESPECÍFICOS
C20: ÍTEM | D20: DESCRIPCIÓN | M20: UNIDAD | O20: CANTIDAD
C21: 5.3 | D21: =+'PRESUPUESTO OFICIAL'!G32 -> SUMINISTRO DE MEZCLA DENSA EN FRIO PARA REPARCHEOS DE EMERGENCIA INCLUYE DEMOLICION Y RETIRO. | M21: M3 | O21: 1
C22: I. EQUIPO
C25: DESCRIPCIÓN | H25: MARCA | J25: TIPO | L25: TARIFA/HORA | M25: RENDIMIENTO | O25: Vr. UNITARIO
C26: HERRAMIENTA MENOR | M26: 0.1 | O26: =+M26*O60 -> 1876.896
C27: COMPACTADOR NEUMATICO | L27: =+'MATRIZ DE MERCADO LA LT'!J86 -> 92053 | M27: 2.8 | O27: =+L27/M27 -> 32876.071
C28: COMPRESOR | L28: =+'MATRIZ DE MERCADO LA LT'!J143 -> 63006 | M28: 2.8 | O28: =+L28/M28 -> 22502.143
C29: CORTADORA DE PAVIMENTO | L29: =+'MATRIZ DE MERCADO LA LT'!J88 -> 6063 | M29: 0.13 | O29: =+L29/M29 -> 46638.462
C30: ILUMINACIÓN | L30: =+'MATRIZ DE MERCADO LA LT'!J69 -> 16407.812 | M30: 2.5 | O30: =+L30/M30 -> 6563.125
C31: SUBTOTAL $ | O31: =+O30+O29+O28+O26+O27 -> 110456.7
C32: II. MATERIALES
C35: DESCRIPCIÓN | K35: UNIDAD | L35: CANTIDAD | M35: PRECIO UNIT. | O35: Vr. UNITARIO
C36: ASFALTO EZ STREET X 50 KG O SIMILAR | K36: BT | L36: 98 | M36: =+'MATRIZ DE MERCADO LA LT'!J70 -> 43999.19 | O36: =+L36*M36 -> 4311920.6
C37: EMULSION ASFALTICA CRL-1 | K37: L | L37: 1 | M37: =+'MATRIZ DE MERCADO LA LT'!J23 -> 1212 | O37: =+L37*M37 -> 1212
O38: =+L38*M38 -> 0
O39: =+L39*M39 -> 0
O40: =+L40*M40 -> 0
O41: =+L41*M41 -> 0
O42: =+L42*O60 -> 0
C44: SUBTOTAL $ | O44: =SUM(O36:O43) -> 4313132.6
C45: III. TRANSPORTES
C48: MATERIAL | J48: VOL. o PESO | K48: DISTANCIA | L48: M3 o Ton/Km | M48: TARIFA | O48: Vr. UNITARIO
C49: VOLQUETA 6 M3 | K49: 0.1 | M49: =+'MATRIZ DE MERCADO LA LT'!J92 -> 1257 | O49: =+M49*K49 -> 125.7
C50: DISPOSICIÓN | K50: 0.16 | M50: =+'MATRIZ DE MERCADO LA LT'!J47 -> 1283 | O50: =+M50*K50 -> 205.28
C51: SUBTOTAL $ | O51: =+O50+O49 -> 330.98
C52: IV. MANO DE OBRA
C55: TRABAJADOR | J55: JORNAL | K55: PRESTACIONES | L55: JORNAL TOTAL | M55: RENDIMIENTO | O55: Vr. UNITARIO
C56: OFICIAL | J56: =+'MATRIZ DE MERCADO LA LT'!J272 -> 107251 | M56: 25 | O56: =+J56/M56 -> 4290.04
C57: OBRERO (3) | J57: =+'MATRIZ DE MERCADO LA LT'!J251 -> 160877 | M57: 25 | O57: =+J57/M57 -> 6435.08
C59: RECARGO NOCTURNO | O59: =+(O56+O57+O58)*0.75 -> 8043.84
C60: SUBTOTAL $ | O60: =+O57+O56+O58+O59 -> 18768.96
C62: TOTAL COSTO DIRECTO $ | O62: =+O60+O51+O31+O44 -> 4442689.3
C63: V. COSTOS INDIRECTOS
C66: Descripción | L66: Porcentaje | M66: Valor Total
C67: ADMINISTRACION | L67: 0.22 | M67: =+O62*L67 -> 977391.64
C68: IMPREVISTOS | L68: 0.02 | M68: =+O62*L68 -> 88853.785
C69: UTILIDAD | L69: 0.05 | M69: =+O62*L69 -> 222134.46
C70: SUBTOTAL $ | O70: =+M69+M68+M67 -> 1288379.9
C72: Precio Unitario Total Aproximado al peso $ | O72: =+ROUND(O70+O62,0) -> 5731069

Sheet 6,1
D5: UNIDAD ADMINISTRATIVA ESPECIAL DE AERONAUTICA CIVIL
L6: VERSIÓN
L8: PÁGINA | M8: 1 | N8: DE | O8: 1
D10: ANALISIS DE PRECIOS UNITARIOS
L12: FECHA | M12: DD | N12: MM | O12: AA
C16: DATOS ESPECÍFICOS
C18: ÍTEM | D18: DESCRIPCIÓN | M18: UNIDAD | O18: CANTIDAD
C19: 6.1 | D19: DESCONTAMINACIÓN POR CAUCHO CON HIDROLAVADO | M19: M2 | O19: 1
C20: I. EQUIPO
C23: DESCRIPCIÓN | H23: MARCA | J23: TIPO | L23: TARIFA/HORA | M23: RENDIMIENTO | O23: Vr. UNITARIO
C24: HERRAMIENTA MENOR | M24: 0.05 | O24: =M24*O62 -> 53.00775
C25: CAMIONETA D-300 O SIMILAR | L25: =+'MATRIZ DE MERCADO LA LT'!J112 -> 47318 | M25: 25 | O25: =L25/M25 -> 1892.72
C26: COMPRESOR (BARRIDO SOPLADO) | L26: =+'MATRIZ DE MERCADO LA LT'!J143 -> 63006 | M26: 25 | O26: =L26/M26 -> 2520.24
C27: CARROTANQUE DE AGUA (MINIMO 1000 GL) | L27: =+'MATRIZ DE MERCADO LA LT'!J118 -> 69316 | M27: 25 | O27: =L27/M27 -> 2772.64
C31: SUBTOTAL $ | O31: =SUM(O24:O30) -> 7238.6077
C32: II. MATERIALES
C35: DESCRIPCIÓN | K35: UNIDAD | L35: CANTIDAD | M35: PRECIO UNIT. | O35: Vr. UNITARIO
C36: AGUA | K36: Lt | L36: 5 | M36: =+'MATRIZ DE MERCADO LA LT'!J57 -> 41 | O36: =L36*M36 -> 205
C44: SUBTOTAL $ | O44: =SUM(O36:O43) -> 205
C45: III. TRANSPORTES
C48: MATERIAL | J48: VOL. o PESO | K48: DISTANCIA | L48: M3 o Ton/Km | M48: TARIFA | O48: Vr. UNITARIO
C49: VOLQUETA | K49: 0.001 | M49: =+'MATRIZ DE MERCADO LA LT'!J92 -> 1257 | O49: =+K49*M49 -> 1.257
C50: DESECHO DE DISPOSICION DE MATERIALES | K50: 0.01 | M50: =+'MATRIZ DE MERCADO LA LT'!J47 -> 1283 | O50: =+K50*M50 -> 12.83
O52: 0
C53: SUBTOTAL $ | O53: =SUM(O49:O52) -> 14.087
C54: IV. MANO DE OBRA
C57: TRABAJADOR | J57: JORNAL | K57: PRESTACIONES | L57: JORNAL TOTAL | M57: RENDIMIENTO | O57: Vr. UNITARIO
C58: OFICIAL | J58: =+'MATRIZ DE MERCADO LA LT'!J272 -> 107251 | M58: 200 | O58: 530.075
C59: OBRERO (2) | J59: =+'MATRIZ DE MERCADO LA LT'!J248 -> 107251 | M59: 200 | O59: 530.08
C62: SUBTOTAL $ | O62: =SUM(O58:O61) -> 1060.155
C64: TOTAL COSTO DIRECTO $ | O64: =+O62+O53+O44+O31 -> 8517.8497
C65: V. COSTOS INDIRECTOS
C68: Descripción | L68: Porcentaje | M68: Valor Total
C69: ADMINISTRACION | L69: 0.22 | M69: =O64*L69 -> 1873.9269
C70: IMPREVISTOS | L70: 0.02 | M70: =O64*L70 -> 170.35699
C71: UTILIDAD | L71: 0.05 | M71: =O64*L71 -> 425.89249
C72: SUBTOTAL $ | O72: =SUM(M69:N71) -> 2470.1764
C74: Precio Unitario Total Aproximado al peso $ | O74: =ROUND(O72+O64,0) -> 10988

Sheet 6,2
B3: Código | C3: CCE-EICP-FM-14 | D3: Versión | E3: 2
C7: UNIDAD ADMINISTRATIVA ESPECIAL DE AERONAUTICA CIVIL
K8: VERSIÓN
K10: PÁGINA | L10: 1 | M10: DE | N10: 1
C12: ANALISIS DE PRECIOS UNITARIOS
K14: FECHA | L14: DD | M14: MM | N14: AA
L15: 3 | M15: 3 | N15: 2021
B18: DATOS ESPECÍFICOS
B20: ÍTEM | C20: DESCRIPCIÓN | L20: UNIDAD | N20: CANTIDAD
B21: 6.2 | C21: =+'PRESUPUESTO OFICIAL'!G36 -> MEDICIÓN DE COEFICIENTE DE ROZAMIENTO INCLUYE MOVILIZACIÓN DEL EQUIPO, PERSONAL Y ANALISIS DEL INFORME | L21: M2 | N21: 1
B22: I. EQUIPO
B25: DESCRIPCIÓN | G25: MARCA | I25: TIPO | K25: TARIFA/HORA | L25: RENDIMIENTO | N25: Vr. UNITARIO
B26: HERRAMIENTA MENOR
B27: MEDICION DE COEFCIENTE DE FRICCIÓN | K27: =+'MATRIZ DE MERCADO LA LT'!J174 -> 204 | L27: h | M27: 1 | N27: =IF(M27<>0,K27/M27,"") -> 204
B28: CARROTANQUE DE AGUA (MINIMO 1000 GL) | K28: =+'MATRIZ DE MERCADO LA LT'!J118 -> 69316 | L28: h | M28: 0.0018 | N28: =K28*M28 -> 124.7688
B30: SUBTOTAL $ | N30: =SUM(N26:N29) -> 328.7688
B31: II. MATERIALES
B34: DESCRIPCIÓN | J34: UNIDAD | K34: CANTIDAD | L34: PRECIO UNIT. | N34: Vr. UNITARIO
B35: AGUA | J35: lt | K35: 1 | M35: =+'MATRIZ DE MERCADO LA LT'!J57 -> 41 | N35: =M35*K35 -> 41
B40: SUBTOTAL $ | N40: =SUM(N35:N39) -> 41
B41: III. TRANSPORTES
B44: MATERIAL | I44: VOL. o PESO | J44: DISTANCIA | K44: M3 o Ton/Km | L44: TARIFA | N44: Vr. UNITARIO
B47: SUBTOTAL $ | N47: =SUM(N45:N46) -> 0
B48: IV. MANO DE OBRA
B51: TRABAJADOR | I51: JORNAL | J51: PRESTACIONES | K51: JORNAL TOTAL | L51: RENDIMIENTO | N51: Vr. UNITARIO
B55: SUBTOTAL $ | N55: =SUM(N52:N54) -> 0
B57: TOTAL COSTO DIRECTO $ | N57: =+N55+N47+N30+N40 -> 369.7688
B58: V. COSTOS INDIRECTOS
B61: Descripción | K61: Porcentaje | L61: Valor Total
B62: ADMINISTRACION | K62: 0.22 | L62: =+N57*K62 -> 81.349136
B63: IMPREVISTOS | K63: 0.02 | L63: =+N57*K63 -> 7.395376
B64: UTILIDAD | K64: 0.05 | L64: =+N57*K64 -> 18.48844
B65: SUBTOTAL $ | N65: =+L64+L63+L62 -> 107.23295
B67: Precio Unitario Total Aproximado al peso $ | N67: =+ROUND(N65+N57,0) -> 477

Sheet 7,1
F2: ANÁLISIS DE PRECIOS UNITARIOS
C3: UNIDAD ADMINISTRATIVA ESPECIAL DE AERONAUTICA CIVIL
G5: item 7.1
B7: =+'PRESUPUESTO OFICIAL'!G39 -> SUMINISTRO Y APLICACION DE ESTUCO Y PINTURA | G7: UNIDAD: M2
B9: 1.- EQUIPO
B10: DESCRIPCIÓN | D10: TIPO | E10: TARIFA/HORA | F10: RENDIMIENTO | G10: VR. UNITARIO
B11: Herramienta menor | F11: 0.1 | G11: =+H39*F11 -> 1691.228
G14: SUBTOTAL
H15: =+G11 -> 1691.228
B16: 2.- MATERIALES EN OBRA
B17: DESCRIPCIÓN | D17: UNIDAD | E17: CANTIDAD | F17: VR. UNITARIO | G17: VR. PARCIAL
B18: ESTUCO LISTO | D18: gal | E18: 0.25 | F18: =+'MATRIZ DE MERCADO LA LT'!I193 -> 16666.137 | G18: =+E18*F18 -> 4166.5343
B19: PINTURA VINILO | D19: GAL | E19: 0.09 | F19: 29900 | G19: =+F19*E19 -> 2691
G22: SUBTOTAL | H22: =SUM(G18:G21) -> 6857.5343
B24: 3.- TRANSPORTES
B25: MATERIAL | C25: CANTIDAD | D25: DISTANCIA | E25: M3-KM | F25: TARIFA | G25: VR. UNITARIO
G28: SUBTOTAL | H28: =SUM(G26:G27) -> 0
B30: 4.- MANO DE OBRA
B31: TRABAJADOR | C31: JORNAL | D31: PRESTACIONES | E31: JORNAL TOTAL | F31: RENDIMIENTO | G31: VR. UNITARIO
B32: Oficial | C32: =+'MATRIZ DE MERCADO LA LT'!J272 -> 107251 | F32: 16 | G32: =+C32/F32 -> 6703.1875
B33: Obrero | C33: =+'MATRIZ DE MERCADO LA LT'!J245 -> 53625 | F33: =+F32 -> 16 | G33: =+C33/F33 -> 3351.5625
B36: SUBTOTAL | G36: SUBTOTAL | H36: =SUM(G32:G35) -> 10054.75
B38: VALOR TOTAL COSTOS DIRECTOS | H38: =+H15+H22+H28+H36 -> 18603.512
H39: 16912.28
E40: ADMINISTRACIÒN | G40: 0.22 | H40: =ROUND(H38*G40,0) -> 4093
E41: IMPREVISTOS | G41: 0.02 | H41: =ROUND(H38*G41,0) -> 372
E42: UTILIDADES | G42: 0.05 | H42: =ROUND(H38*G42,0) -> 930
E43: PRECIO UNITARIO TOTAL APROXIMADO AL PESO | H43: =ROUND(H38+H40+H41+H42,0) -> 23999

Sheet 7,2
F2: ANÁLISIS DE PRECIOS UNITARIOS
C3: UNIDAD ADMINISTRATIVA ESPECIAL DE AERONAUTICA CIVIL
G5: item 7,2
B7: =+'PRESUPUESTO OFICIAL'!G40 -> SUMINISTRO Y APLICACION DE ESTUCO Y PINTURA | G7: UNIDAD: ML
B9: 1.- EQUIPO
B10: DESCRIPCIÓN | D10: TIPO | E10: TARIFA/HORA | F10: RENDIMIENTO | G10: VR. UNITARIO
B11: Herramienta menor | F11: 0.1 | G11: =+F11*H39 -> 992.615
G14: SUBTOTAL
H15: =SUM(G11:G12) -> 992.615
B16: 2.- MATERIALES EN OBRA
B17: DESCRIPCIÓN | D17: UNIDAD | E17: CANTIDAD | F17: VR. UNITARIO | G17: VR. PARCIAL
B18: ESTUCO LISTO | D18: gal | E18: 0.15 | F18: =+'MATRIZ DE MERCADO LA LT'!I194 -> 9576.912 | G18: =+F18*E18 -> 1436.5368
B19: PINTURA VINILO | D19: GAL | E19: 0.05 | F19: 29900 | G19: =+F19*E19 -> 1495
G22: SUBTOTAL | H22: =SUM(G18:G21) -> 2931.5368
B24: 3.- TRANSPORTES
B25: MATERIAL | C25: CANTIDAD | D25: DISTANCIA | E25: M3-KM | F25: TARIFA | G25: VR. UNITARIO
G28: SUBTOTAL | H28: =SUM(G26:G27) -> 0
B30: 4.- MANO DE OBRA
B31: TRABAJADOR | C31: JORNAL | D31: PRESTACIONES | E31: JORNAL TOTAL | F31: RENDIMIENTO | G31: VR. UNITARIO
B32: Oficial | C32: =+'MATRIZ DE MERCADO LA LT'!J272 -> 107251 | F32: 23 | G32: =+C32/F32 -> 4663.087
B33: Obrero | C33: =+'MATRIZ DE MERCADO LA LT'!J245 -> 53625 | F33: =+F32 -> 23 | G33: =+C33/F33 -> 2331.5217
B36: SUBTOTAL | G36: SUBTOTAL | H36: =SUM(G32:G35) -> 6994.6087
B38: VALOR TOTAL COSTOS DIRECTOS | H38: =(H15+H22+H36) -> 10918.76
H39: 9926.15
E40: ADMINISTRACIÒN | G40: 0.22 | H40: =ROUND(H38*G40,0) -> 2402
E41: IMPREVISTOS | G41: 0.02 | H41: =ROUND(H38*G41,0) -> 218
E42: UTILIDADES | G42: 0.05 | H42: =ROUND(H38*G42,0) -> 546
E43: PRECIO UNITARIO TOTAL APROXIMADO AL PESO | H43: =ROUND(H38+H40+H41+H42,0) -> 14085

Sheet 7,3
F2: ANÁLISIS DE PRECIOS UNITARIOS
C3: UNIDAD ADMINISTRATIVA ESPECIAL DE AERONAUTICA CIVIL
G5: item 7,3
B7: =+'PRESUPUESTO OFICIAL'!G41 -> SUMINISTRO Y APLICACION DE PINTURA | G7: UNIDAD: M2
B9: 1.- EQUIPO
B10: DESCRIPCIÓN | D10: TIPO | E10: TARIFA/HORA | F10: RENDIMIENTO | G10: VR. UNITARIO
B11: Herramienta menor | F11: 0.1 | G11: =+F11*H39 -> 1304.276
G14: SUBTOTAL
H15: =SUM(G11:G12) -> 1304.276
B16: 2.- MATERIALES EN OBRA
B17: DESCRIPCIÓN | D17: UNIDAD | E17: CANTIDAD | F17: VR. UNITARIO | G17: VR. PARCIAL
B19: PINTURA VINILO | D19: GAL | E19: 0.18 | F19: 29900 | G19: =+F19*E19 -> 5382
G22: SUBTOTAL | H22: =SUM(G18:G21) -> 5382
B24: 3.- TRANSPORTES
B25: MATERIAL | C25: CANTIDAD | D25: DISTANCIA | E25: M3-KM | F25: TARIFA | G25: VR. UNITARIO
G28: SUBTOTAL | H28: =SUM(G26:G27) -> 0
B30: 4.- MANO DE OBRA
B31: TRABAJADOR | C31: JORNAL | D31: PRESTACIONES | E31: JORNAL TOTAL | F31: RENDIMIENTO | G31: VR. UNITARIO
B32: Oficial | C32: =+'MATRIZ DE MERCADO LA LT'!J272 -> 107251 | F32: 21 | G32: =+C32/F32 -> 5107.1905
B33: Obrero | C33: =+'MATRIZ DE MERCADO LA LT'!J245 -> 53625 | F33: =+F32 -> 21 | G33: =+C33/F33 -> 2553.5714
B36: SUBTOTAL | G36: SUBTOTAL | H36: =SUM(G32:G35) -> 7660.7619
B38: VALOR TOTAL COSTOS DIRECTOS | H38: =(H15+H22+H36) -> 14347.038
H39: 13042.76
E40: ADMINISTRACIÒN | G40: 0.22 | H40: =ROUND(H38*G40,0) -> 3156
E41: IMPREVISTOS | G41: 0.02 | H41: =ROUND(H38*G41,0) -> 287
E42: UTILIDADES | G42: 0.05 | H42: =ROUND(H38*G42,0) -> 717
E43: PRECIO UNITARIO TOTAL APROXIMADO AL PESO | H43: =ROUND(H38+H40+H41+H42,0) -> 18507

Sheet 7,4
D5: UNIDAD ADMINISTRATIVA ESPECIAL DE AERONAUTICA CIVIL
L6: VERSIÓN
D7: =+'3,1'!D7 -> 0
L8: PÁGINA | M8: 1 | N8: DE | O8: 1
D10: ANALISIS DE PRECIOS UNITARIOS
L12: FECHA | M12: DD | N12: MM | O12: AA
M13: 22 | N13: 2 | O13: 2021
C16: DATOS ESPECÍFICOS
C18: ÍTEM | D18: DESCRIPCIÓN | M18: UNIDAD | O18: CANTIDAD
C19: 7.4 | D19: =+'PRESUPUESTO OFICIAL'!G42 -> SUMINISTRO Y APLICACIÓN DE PINTURA PARA EXTERIOR | M19: M2 | O19: 1
C20: I. EQUIPO
C23: DESCRIPCIÓN | H23: MARCA | J23: TIPO | L23: TARIFA/HORA | M23: RENDIMIENTO | O23: Vr. UNITARIO
C24: HERRAMIENTA MENOR | M24: 0.1 | O24: =M24*O60 -> 1608.76
C25: ANDAMIOS CERTIFICADOS | L25: =+'MATRIZ DE MERCADO LA LT'!J166 -> 1837.675 | M25: 8 | O25: =+L25+M25 -> 1845.675
C26: RODILLO | L26: 14100 | M26: 0.01 | O26: =+L26*M26 -> 141 | P26: Rodillo Acabado Fino 9 Pulgadas - Homecenter.com.co
C29: SUBTOTAL $ | O29: =SUM(O24:O28) -> 3595.435
C30: II. MATERIALES
C33: DESCRIPCIÓN | K33: UNIDAD | L33: CANTIDAD | M33: PRECIO UNIT. | O33: Vr. UNITARIO
C34: PINTURA ESMALTE | K34: GL | L34: 0.033333333 | M34: =147900/5 -> 29580 | O34: =+L34*M34 -> 986 | P34: Pintura para Interior y Exterior Lavable Blanco 5 Galones - Homecenter.com.co
C35: LIJA N 80 | K35: UND | L35: 0.1 | M35: 1400 | O35: =+L35*M35 -> 140 | P35: Lija de Agua #80 - Homecenter.com.co
C36: LIJA N 120 | K36: UND | L36: 0.1 | M36: 1300 | O36: =+L36*M36 -> 130 | P36: Lija de Agua #120 - Homecenter.com.co
C37: THINNER | K37: GL | L37: 0.01 | M37: 37900 | O37: =+L37*M37 -> 379 | P37: https://www.homecenter.com.co/homecenter-co/product/223494/Disolvente-Xilol-Galon/223494
C38: BROCHA | K38: UND | L38: 0.01 | M38: 24900 | O38: =+L38*M38 -> 249 | P38: Brocha Profesional Mango Plastico de 3 Pulgadas - Homecenter.com.co
C42: SUBTOTAL $ | O42: =SUM(O34:O41) -> 1884
C43: III. TRANSPORTES
C46: MATERIAL | J46: VOL. o PESO | K46: DISTANCIA | L46: M3 o Ton/Km | M46: TARIFA | O46: Vr. UNITARIO
C51: SUBTOTAL $
C52: IV. MANO DE OBRA
C55: TRABAJADOR | J55: JORNAL | K55: PRESTACIONES | L55: JORNAL TOTAL | M55: RENDIMIENTO | O55: Vr. UNITARIO
C56: OFICIAL | J56: =+'MATRIZ DE MERCADO LA LT'!J272 -> 107251 | M56: 10 | O56: =+J56/M56 -> 10725.1
C57: OBRERO | J57: =+'MATRIZ DE MERCADO LA LT'!J245 -> 53625 | M57: 10 | O57: =+J57/M57 -> 5362.5
C60: SUBTOTAL $ | O60: =SUM(O56:O59) -> 16087.6
C62: TOTAL COSTO DIRECTO $ | O62: =+O60+O51+O42+O29 -> 21567.035
C63: V. COSTOS INDIRECTOS
C66: Descripción | L66: Porcentaje | M66: Valor Total
C67: ADMINISTRACION | L67: 0.22 | M67: =O62*L67 -> 4744.7477
C68: IMPREVISTOS | L68: 0.02 | M68: =O62*L68 -> 431.3407
C69: UTILIDAD | L69: 0.05 | M69: =O62*L69 -> 1078.3518
C70: SUBTOTAL $ | O70: =SUM(M67:N69) -> 6254.4401
C72: Precio Unitario Total Aproximado al peso $ | O72: =ROUND(O70+O62,0) -> 27821

Sheet 8,1
F2: ANÁLISIS DE PRECIOS UNITARIOS
C3: UNIDAD ADMINISTRATIVA ESPECIAL DE AERONAUTICA CIVIL
G5: item 8,2
B7: =+'PRESUPUESTO OFICIAL'!G45 -> SUMINISTRO E INSTALACIÓN DE TEJA TERMOACUSTICA (INCLUYE RETIRO) | G7: UNIDAD: M2
B9: 1.- EQUIPO
B10: DESCRIPCIÓN | D10: TIPO | E10: TARIFA/HORA | F10: RENDIMIENTO | G10: VR. UNITARIO
G14: SUBTOTAL
H15: =SUM(G11:G12) -> 0
B16: 2.- MATERIALES EN OBRA
B17: DESCRIPCIÓN | D17: UNIDAD | E17: CANTIDAD | F17: VR. UNITARIO | G17: VR. PARCIAL
B18: TEJA TERMIACUSTICA INCTALADA(historico tomado de 20000785 h4 de 2020) | E18: 1 | F18: =+'MATRIZ DE MERCADO LA LT'!I202 -> 54511.741 | G18: =+E18*F18 -> 54511.741
G22: SUBTOTAL | H22: =SUM(G18:G21) -> 54511.741
B24: 3.- TRANSPORTES
B25: MATERIAL | C25: CANTIDAD | D25: DISTANCIA | E25: M3-KM | F25: TARIFA | G25: VR. UNITARIO
G28: SUBTOTAL | H28: =SUM(G26:G27) -> 0
B30: 4.- MANO DE OBRA
B31: TRABAJADOR | C31: JORNAL | D31: PRESTACIONES | E31: JORNAL TOTAL | F31: RENDIMIENTO | G31: VR. UNITARIO
B36: SUBTOTAL | G36: SUBTOTAL | H36: =SUM(G32:G35) -> 0
B38: VALOR TOTAL COSTOS DIRECTOS | H38: =(H15+H22+H36) -> 54511.741
E40: ADMINISTRACIÒN | G40: 0.22 | H40: =+'MATRIZ DE MERCADO LA LT'!J202 -> 11992.583
E41: IMPREVISTOS | G41: 0.02 | H41: =+'MATRIZ DE MERCADO LA LT'!K202 -> 1090.2348
E42: UTILIDADES | G42: 0.05 | H42: =+'MATRIZ DE MERCADO LA LT'!L202 -> 2725.5871
E43: PRECIO UNITARIO TOTAL APROXIMADO AL PESO | H43: =+'MATRIZ DE MERCADO LA LT'!M202 -> 70320

Sheet 8,2
F2: ANÁLISIS DE PRECIOS UNITARIOS
C3: UNIDAD ADMINISTRATIVA ESPECIAL DE AERONAUTICA CIVIL
G5: item 8,2
B7: =+'PRESUPUESTO OFICIAL'!G46 -> SUMINISTRO E INSTALACIÓN DE CIELORRASO EN LÁMINA DE PVC (INCLUYE RETIRO) | G7: UNIDAD: M2
B9: 1.- EQUIPO
B10: DESCRIPCIÓN | D10: TIPO | E10: TARIFA/HORA | F10: RENDIMIENTO | G10: VR. UNITARIO
B11: Herramienta menor | F11: 0.01 | G11: =+F11*H39 -> 690.0844
B12: Andamio | G12: =+'MATRIZ DE MERCADO LA LT'!J166 -> 1837.675
G14: SUBTOTAL
H15: =SUM(G11:G12) -> 2527.7594
B16: 2.- MATERIALES EN OBRA
B17: DESCRIPCIÓN | D17: UNIDAD | E17: CANTIDAD | F17: VR. UNITARIO | G17: VR. PARCIAL
B18: CIELO RASO PVC | D18: M2 | E18: 1 | F18: =+'MATRIZ DE MERCADO LA LT'!I203 -> 39294.742 | G18: =+F18*E18 -> 39294.742
B19: ESTRUCTURA ALUMINIO | D19: M2 | E19: 1 | F19: =+F18*0.3 -> 11788.423 | G19: =+F19*E19 -> 11788.423
G22: SUBTOTAL | H22: =SUM(G18:G21) -> 51083.165
B24: 3.- TRANSPORTES
B25: MATERIAL | C25: CANTIDAD | D25: DISTANCIA | E25: M3-KM | F25: TARIFA | G25: VR. UNITARIO
G28: SUBTOTAL | H28: =SUM(G26:G27) -> 0
B30: 4.- MANO DE OBRA
B31: TRABAJADOR | C31: JORNAL | D31: PRESTACIONES | E31: JORNAL TOTAL | F31: RENDIMIENTO | G31: VR. UNITARIO
B32: Oficial | C32: =+'MATRIZ DE MERCADO LA LT'!J272 -> 107251 | F32: 10 | G32: =+C32/F32 -> 10725.1
B33: Obrero | C33: =+'MATRIZ DE MERCADO LA LT'!J245 -> 53625 | F33: =+F32 -> 10 | G33: =+C33/F33 -> 5362.5
C34: 0
C35: 0
B36: SUBTOTAL | G36: SUBTOTAL | H36: =SUM(G32:G35) -> 16087.6
B38: VALOR TOTAL COSTOS DIRECTOS | H38: =(H15+H22+H36) -> 69698.524
H39: 69008.44
E40: ADMINISTRACIÒN | G40: 0.22 | H40: =ROUND(H38*G40,0) -> 15334
E41: IMPREVISTOS | G41: 0.02 | H41: =ROUND(H38*G41,0) -> 1394
E42: UTILIDADES | G42: 0.05 | H42: =ROUND(H38*G42,0) -> 3485
E43: PRECIO UNITARIO TOTAL APROXIMADO AL PESO | H43: =ROUND(H38+H40+H41+H42,0) -> 89912

Sheet 9,1
F2: ANÁLISIS DE PRECIOS UNITARIOS
C3: UNIDAD ADMINISTRATIVA ESPECIAL DE AERONAUTICA CIVIL
G5: item 9.1
B7: =+'PRESUPUESTO OFICIAL'!G49 -> SUMINITRO E INSTALACIÓN DE PUERTA LAMINA Y MARCO (INCLUYE RETIRO Y CERRADURA) | G7: UNIDAD: M2
B9: 1.- EQUIPO
B10: DESCRIPCIÓN | D10: TIPO | E10: TARIFA/HORA | F10: RENDIMIENTO | G10: VR. UNITARIO
G14: SUBTOTAL
H15: =SUM(G11:G12) -> 0
B16: 2.- MATERIALES EN OBRA
B17: DESCRIPCIÓN | D17: UNIDAD | E17: CANTIDAD | F17: VR. UNITARIO | G17: VR. PARCIAL
B18: puerta lamina y marco instalado ( historico 20000785 h4 de 2020) | E18: 1 | F18: =+'MATRIZ DE MERCADO LA LT'!I204 -> 195504.47 | G18: =+E18*F18 -> 195504.47
G22: SUBTOTAL | H22: =SUM(G18:G21) -> 195504.47
B24: 3.- TRANSPORTES
B25: MATERIAL | C25: CANTIDAD | D25: DISTANCIA | E25: M3-KM | F25: TARIFA | G25: VR. UNITARIO
G28: SUBTOTAL | H28: =SUM(G26:G27) -> 0
B30: 4.- MANO DE OBRA
B31: TRABAJADOR | C31: JORNAL | D31: PRESTACIONES | E31: JORNAL TOTAL | F31: RENDIMIENTO | G31: VR. UNITARIO
B36: SUBTOTAL | G36: SUBTOTAL | H36: =SUM(G32:G35) -> 0
B38: VALOR TOTAL COSTOS DIRECTOS | H38: =(H15+H22+H36) -> 195504.47
E40: ADMINISTRACIÒN | G40: 0.22 | H40: =+'MATRIZ DE MERCADO LA LT'!J204 -> 43010.983
E41: IMPREVISTOS | G41: 0.02 | H41: =+'MATRIZ DE MERCADO LA LT'!L204 -> 9775.2234
E42: UTILIDADES | G42: 0.05 | H42: =+'MATRIZ DE MERCADO LA LT'!K204 -> 3910.0894
E43: PRECIO UNITARIO TOTAL APROXIMADO AL PESO | H43: =ROUND(H38+H40+H41+H42,0) -> 252201

Sheet 10,1
F2: ANÁLISIS DE PRECIOS UNITARIOS
C3: UNIDAD ADMINISTRATIVA ESPECIAL DE AERONAUTICA CIVIL
G5: item 10.1
B7: =+'PRESUPUESTO OFICIAL'!G52 -> SUMINISTRO E INSTALACIÓN DE VENTANAL Y MARCO Y/O PUERTA CRISTAL TEMPLADO 8 MM | G7: UNIDAD: M2
B9: 1.- EQUIPO
B10: DESCRIPCIÓN | D10: TIPO | E10: TARIFA/HORA | F10: RENDIMIENTO | G10: VR. UNITARIO
B11: Herramienta menor | F11: 0.0005 | G11: =+F11*H39 -> 245.40208
G14: SUBTOTAL
H15: =SUM(G11:G12) -> 245.40208
B16: 2.- MATERIALES EN OBRA
B17: DESCRIPCIÓN | D17: UNIDAD | E17: CANTIDAD | F17: VR. UNITARIO | G17: VR. PARCIAL
B18: VIDRIO TEMPLADO 8 MM | D18: M2 | E18: 1 | F18: =+(829900/(1*1.9)) -> 436789.47 | G18: =+F18*E18 -> 436789.47
B19: HERRAJES | D19: GLOBAL | E19: 0.1 | F19: =+F18*0.05 -> 21839.474 | G19: =+E19*F19 -> 2183.9474
G22: SUBTOTAL | H22: =SUM(G18:G21) -> 438973.42
B24: 3.- TRANSPORTES
B25: MATERIAL | C25: CANTIDAD | D25: DISTANCIA | E25: M3-KM | F25: TARIFA | G25: VR. UNITARIO
G28: SUBTOTAL | H28: =SUM(G26:G27) -> 0
B30: 4.- MANO DE OBRA
B31: TRABAJADOR | C31: JORNAL | D31: PRESTACIONES | E31: JORNAL TOTAL | F31: RENDIMIENTO | G31: VR. UNITARIO
B32: Oficial | C32: =+'MATRIZ DE MERCADO LA LT'!J272 -> 107251 | F32: 500 | G32: =+C32/F32 -> 214.502
B33: Obrero | C33: =+'MATRIZ DE MERCADO LA LT'!J245 -> 53625 | F33: =+F32 -> 500 | G33: =+C33/F33 -> 107.25
B36: SUBTOTAL | G36: SUBTOTAL | H36: =SUM(G32:G35) -> 321.752
B38: VALOR TOTAL COSTOS DIRECTOS | H38: =(H15+H22+H36) -> 439540.58
H39: 490804.15
E40: ADMINISTRACIÒN | G40: 0.22 | H40: =ROUND(H38*G40,0) -> 96699
E41: IMPREVISTOS | G41: 0.02 | H41: =ROUND(H38*G41,0) -> 8791
E42: UTILIDADES | G42: 0.05 | H42: =ROUND(H38*G42,0) -> 21977
E43: PRECIO UNITARIO TOTAL APROXIMADO AL PESO | H43: =ROUND(H38+H40+H41+H42,0) -> 567008

Sheet 10,2
F2: ANÁLISIS DE PRECIOS UNITARIOS
C3: UNIDAD ADMINISTRATIVA ESPECIAL DE AERONAUTICA CIVIL
G5: item 10.2
B7: =+'PRESUPUESTO OFICIAL'!G53 -> SUMINITRO E INSTALACIÓN DE VIDRIO 4MM | G7: UNIDAD: M2
B9: 1.- EQUIPO
B10: DESCRIPCIÓN | D10: TIPO | E10: TARIFA/HORA | F10: RENDIMIENTO | G10: VR. UNITARIO
G14: SUBTOTAL
H15: =SUM(G11:G12) -> 0
B16: 2.- MATERIALES EN OBRA
B17: DESCRIPCIÓN | D17: UNIDAD | E17: CANTIDAD | F17: VR. UNITARIO | G17: VR. PARCIAL
B18: vidrio 4mm instalado ( historico 20000785 h4 de 2020) | E18: 1 | F18: =+'MATRIZ DE MERCADO LA LT'!I214 -> 32049.052 | G18: =+E18*F18 -> 32049.052
G22: SUBTOTAL | H22: =SUM(G18:G21) -> 32049.052
B24: 3.- TRANSPORTES
B25: MATERIAL | C25: CANTIDAD | D25: DISTANCIA | E25: M3-KM | F25: TARIFA | G25: VR. UNITARIO
G28: SUBTOTAL | H28: =SUM(G26:G27) -> 0
B30: 4.- MANO DE OBRA
B31: TRABAJADOR | C31: JORNAL | D31: PRESTACIONES | E31: JORNAL TOTAL | F31: RENDIMIENTO | G31: VR. UNITARIO
B36: SUBTOTAL | G36: SUBTOTAL | H36: =SUM(G32:G35) -> 0
B38: VALOR TOTAL COSTOS DIRECTOS | H38: =(H15+H22+H36) -> 32049.052
E40: ADMINISTRACIÒN | G40: 0.22 | H40: =+'MATRIZ DE MERCADO LA LT'!L214 -> 1602.4526
E41: IMPREVISTOS | G41: 0.02 | H41: =+'MATRIZ DE MERCADO LA LT'!J214 -> 7050.7914
E42: UTILIDADES | G42: 0.05 | H42: =+'MATRIZ DE MERCADO LA LT'!K214 -> 640.98104
E43: PRECIO UNITARIO TOTAL APROXIMADO AL PESO | H43: =ROUND(H38+H40+H41+H42,0) -> 41343

Sheet 11,1
C3: Código | D3: CCE-EICP-FM-14 | E3: Versión | F3: 2
D7: UNIDAD ADMINISTRATIVA ESPECIAL DE AERONAUTICA CIVIL
L8: VERSIÓN
D9: =+#REF! -> #REF!
D10: OBJETO: LOTE 1: REALIZAR EL MANTENIMIENTO LADO AIRE Y LADO TIERRA DEL AEROPUERTO GERARDO TOVAR LOPEZ DE BUENAVENTURA, VALLE DEL CAUCA. | L10: PÁGINA | M10: 1 | N10: DE | O10: 1
D12: ANALISIS DE PRECIOS UNITARIOS
L14: FECHA | M14: DD | N14: MM | O14: AA
M15: 27 | N15: 2 | O15: 2021
C16: ÍTEMS DE LA PROPUESTA ECONÓMICA | I16: ÍTEMS NO PREVISTOS
C20: DATOS ESPECÍFICOS
C22: ÍTEM | D22: DESCRIPCIÓN | M22: UNIDAD | O22: CANTIDAD
C23: 11.1 | D23: LIMPIEZA DE FACHADA INCLUYE VENTANERIA Y PUERTAS. | M23: M2
C24: I. EQUIPO
C27: DESCRIPCIÓN | H27: MARCA | J27: TIPO | L27: TARIFA/HORA | M27: RENDIMIENTO | O27: Vr. UNITARIO
C28: HERRAMIENTA MENOR | M28: 0.15 | O28: =+M28*O63 -> 502.73906
C29: Hidro lavadora | L29: =+'MATRIZ DE MERCADO LA LT'!J165 -> 6418.7362 | M29: 8 | O29: =IF(M29<>0,L29/M29,"") -> 802.34203
C30: ANDAMIO CERTIFICADO | L30: =+'MATRIZ DE MERCADO LA LT'!J166 -> 1837.675 | M30: 8 | O30: =IF(M30<>0,L30/M30,"") -> 229.70937
C31: LIMPIA VENTANAS PROFESIONAL | L31: =+'MATRIZ DE MERCADO LA LT'!J168 -> 133.08862 | M31: 8 | O31: =IF(M31<>0,L31/M31,"") -> 16.636078
C32: Carrotanque de agua (mínimo 1000 Gl) | L32: =+'MATRIZ DE MERCADO LA LT'!J118 -> 69316 | M32: 0.00018 | O32: =IF(M32<>0,L32*M32,"") -> 12.47688
C34: SUBTOTAL $ | O34: =SUM(O28:O33) -> 1563.9034
C35: II. MATERIALES
C38: DESCRIPCIÓN | K38: UNIDAD | L38: CANTIDAD | M38: PRECIO UNIT. | O38: Vr. UNITARIO
C39: Agua | K39: LT | L39: 0.1 | M39: =+'MATRIZ DE MERCADO LA LT'!J57 -> 41 | O39: =+L39*M39 -> 4.1
O40: =+L40*M40 -> 0
O43: =+L43*M43 -> 0
O44: =+L44*M44 -> 0
O45: =+L45*O63 -> 0
O47: =+L47*M47 -> 0
C48: SUBTOTAL $ | O48: =SUM(O39:O47) -> 4.1
C49: III. TRANSPORTES
C52: MATERIAL | J52: VOL. o PESO | K52: DISTANCIA | L52: M3 o Ton/Km | M52: TARIFA | O52: Vr. UNITARIO
C55: SUBTOTAL $ | O55: =SUM(O53:O54) -> 0
C56: IV. MANO DE OBRA
C59: TRABAJADOR | J59: JORNAL | K59: PRESTACIONES | L59: JORNAL TOTAL | M59: RENDIMIENTO | O59: Vr. UNITARIO
C60: Oficial | L60: =+'MATRIZ DE MERCADO LA LT'!J272 -> 107251 | M60: 64 | O60: =+L60/M60 -> 1675.7969
C61: Obrero (2) | L61: =+'MATRIZ DE MERCADO LA LT'!J248 -> 107251 | M61: 64 | O61: =+L61/M61 -> 1675.7969
C63: SUBTOTAL $ | O63: =SUM(O60:O62) -> 3351.5938
C65: TOTAL COSTO DIRECTO $ | O65: =+O34+O48+O55+O63 -> 4919.5972
C66: V. COSTOS INDIRECTOS
C69: Descripción | L69: Porcentaje | M69: Valor Total
C70: ADMINISTRACION | L70: 0.22 | O70: =+$O$65*L70 -> 1082.3114
C71: IMPREVISTOS | L71: 0.02 | O71: =+$O$65*L71 -> 98.391944
C72: UTILIDAD | L72: 0.05 | O72: =+$O$65*L72 -> 245.97986
C73: SUBTOTAL $ | O73: =+O65+O70+O71+O72 -> 6346.2804
O74: =IF(H8<>0,G8/H8,"")
C75: Precio Unitario Total Aproximado al peso $ | O75: =+ROUND(O73,0) -> 6346

Sheet 11,2
C3: Código | D3: CCE-EICP-FM-14 | E3: Versión | F3: 2
D7: UNIDAD ADMINISTRATIVA ESPECIAL DE AERONAUTICA CIVIL
L8: VERSIÓN
D10: OBJETO: LOTE 1: REALIZAR EL MANTENIMIENTO LADO AIRE Y LADO TIERRA DEL AEROPUERTO GERARDO TOVAR LOPEZ DE BUENAVENTURA, VALLE DEL CAUCA. | L10: PÁGINA | M10: 1 | N10: DE | O10: 1
D12: ANALISIS DE PRECIOS UNITARIOS
L14: FECHA | M14: DD | N14: MM | O14: AA
M15: 27 | N15: 2 | O15: 2021
C16: ÍTEMS DE LA PROPUESTA ECONÓMICA | I16: ÍTEMS NO PREVISTOS
C20: DATOS ESPECÍFICOS
C22: ÍTEM | D22: DESCRIPCIÓN | M22: UNIDAD | O22: CANTIDAD
C23: 11.2 | D23: LIMPIEZA DE CUBIERTA INCLUYE ESTRUCTURA METALICA | M23: M2
C24: I. EQUIPO
C27: DESCRIPCIÓN | H27: MARCA | J27: TIPO | L27: TARIFA/HORA | M27: RENDIMIENTO | O27: Vr. UNITARIO
C28: HERRAMIENTA MENOR | M28: 0.15 | O28: =+M28*O62 -> 670.31875
C29: Hidro lavadora | L29: =+'MATRIZ DE MERCADO LA LT'!J165 -> 6418.7362 | M29: 6 | O29: =IF(M29<>0,L29/M29,"") -> 1069.7894
C30: ANDAMIO CERTIFICADO | L30: =+'MATRIZ DE MERCADO LA LT'!J166 -> 1837.675 | M30: 6 | O30: =IF(M30<>0,L30/M30,"") -> 306.27917
C31: Carrotanque de agua (mínimo 1000 Gl) | L31: =+'MATRIZ DE MERCADO LA LT'!J118 -> 69316 | M31: 0.00018 | O31: =IF(M31<>0,L31*M31,"") -> 12.47688
C33: SUBTOTAL $ | O33: =SUM(O28:O32) -> 2058.8642
C34: II. MATERIALES
C37: DESCRIPCIÓN | K37: UNIDAD | L37: CANTIDAD | M37: PRECIO UNIT. | O37: Vr. UNITARIO
C38: Agua | K38: LT | L38: 4 | M38: =+'MATRIZ DE MERCADO LA LT'!J57 -> 41 | O38: =+L38*M38 -> 164
O39: =+L39*M39 -> 0
O42: =+L42*M42 -> 0
O43: =+L43*M43 -> 0
O44: =+L44*O62 -> 0
O46: =+L46*M46 -> 0
C47: SUBTOTAL $ | O47: =SUM(O38:O46) -> 164
C48: III. TRANSPORTES
C51: MATERIAL | J51: VOL. o PESO | K51: DISTANCIA | L51: M3 o Ton/Km | M51: TARIFA | O51: Vr. UNITARIO
C54: SUBTOTAL $ | O54: =SUM(O52:O53) -> 0
C55: IV. MANO DE OBRA
C58: TRABAJADOR | J58: JORNAL | K58: PRESTACIONES | L58: JORNAL TOTAL | M58: RENDIMIENTO | O58: Vr. UNITARIO
C59: Oficial | L59: =+'MATRIZ DE MERCADO LA LT'!J272 -> 107251 | M59: 48 | O59: =+L59/M59 -> 2234.3958
C60: Obrero (2) | L60: =+'MATRIZ DE MERCADO LA LT'!J248 -> 107251 | M60: 48 | O60: =+L60/M60 -> 2234.3958
C62: SUBTOTAL $ | O62: =SUM(O59:O61) -> 4468.7917
C64: TOTAL COSTO DIRECTO $ | O64: =+O33+O47+O54+O62 -> 6691.6558
C65: V. COSTOS INDIRECTOS
C68: Descripción | L68: Porcentaje | M68: Valor Total
C69: ADMINISTRACION | L69: 0.22 | O69: =+$O$64*L69 -> 1472.1643
C70: IMPREVISTOS | L70: 0.02 | O70: =+$O$64*L70 -> 133.83312
C71: UTILIDAD | L71: 0.05 | O71: =+$O$64*L71 -> 334.58279
C72: SUBTOTAL $ | O72: =+O64+O69+O70+O71 -> 8632.236
O73: =IF(H8<>0,G8/H8,"")
C74: Precio Unitario Total Aproximado al peso $ | O74: =+ROUND(O72,0) -> 8632

Sheet 11,3
C3: Código | D3: CCE-EICP-FM-14 | E3: Versión | F3: 2
D7: UNIDAD ADMINISTRATIVA ESPECIAL DE AERONAUTICA CIVIL
L8: VERSIÓN
D9: =+#REF! -> #REF!
D10: OBJETO: LOTE 1: REALIZAR EL MANTENIMIENTO LADO AIRE Y LADO TIERRA DEL AEROPUERTO GERARDO TOVAR LOPEZ DE BUENAVENTURA, VALLE DEL CAUCA. | L10: PÁGINA | M10: 1 | N10: DE | O10: 1
D12: ANALISIS DE PRECIOS UNITARIOS
L14: FECHA | M14: DD | N14: MM | O14: AA
M15: 27 | N15: 2 | O15: 2021
C16: ÍTEMS DE LA PROPUESTA ECONÓMICA | I16: ÍTEMS NO PREVISTOS
C20: DATOS ESPECÍFICOS
C22: ÍTEM | D22: DESCRIPCIÓN | M22: UNIDAD | O22: CANTIDAD
C23: 11.3 | D23: LIMPIEZA DE CANALES Y BAJANTES | M23: Ml
C24: I. EQUIPO
C27: DESCRIPCIÓN | H27: MARCA | J27: TIPO | L27: TARIFA/HORA | M27: RENDIMIENTO | O27: Vr. UNITARIO
C28: HERRAMIENTA MENOR | M28: 0.15 | O28: =+M28*O62 -> 251.36953
C29: Hidro lavadora | L29: =+'MATRIZ DE MERCADO LA LT'!J165 -> 6418.7362 | M29: 16 | O29: =IF(M29<>0,L29/M29,"") -> 401.17102
C30: ANDAMIO CERTIFICADO | L30: =+'MATRIZ DE MERCADO LA LT'!J166 -> 1837.675 | M30: 16 | O30: =IF(M30<>0,L30/M30,"") -> 114.85469
C31: Carrotanque de agua (mínimo 1000 Gl) | L31: =+'MATRIZ DE MERCADO LA LT'!J118 -> 69316 | M31: 0.00018 | O31: =IF(M31<>0,L31*M31,"") -> 12.47688
C33: SUBTOTAL $ | O33: =SUM(O28:O32) -> 779.87211
C34: II. MATERIALES
C37: DESCRIPCIÓN | K37: UNIDAD | L37: CANTIDAD | M37: PRECIO UNIT. | O37: Vr. UNITARIO
C38: Agua | K38: LT | L38: 4 | M38: =+'MATRIZ DE MERCADO LA LT'!J57 -> 41 | O38: =+L38*M38 -> 164
O39: =+L39*M39 -> 0
O42: =+L42*M42 -> 0
O43: =+L43*M43 -> 0
O44: =+L44*O62 -> 0
O46: =+L46*M46 -> 0
C47: SUBTOTAL $ | O47: =SUM(O38:O46) -> 164
C48: III. TRANSPORTES
C51: MATERIAL | J51: VOL. o PESO | K51: DISTANCIA | L51: M3 o Ton/Km | M51: TARIFA | O51: Vr. UNITARIO
C52: Volqueta 6 m3 | L52: 0.5 | M52: =+'MATRIZ DE MERCADO LA LT'!J92 -> 1257 | O52: =+L52*M52 -> 628.5
C53: Derechos de explotación y/o disposición de materiales | L53: 0.16 | M53: =+'MATRIZ DE MERCADO LA LT'!J47 -> 1283 | O53: =+L53*M53 -> 205.28
C54: SUBTOTAL $ | O54: =SUM(O52:O53) -> 833.78
C55: IV. MANO DE OBRA
C58: TRABAJADOR | J58: JORNAL | K58: PRESTACIONES | L58: JORNAL TOTAL | M58: RENDIMIENTO | O58: Vr. UNITARIO
C59: Oficial | L59: =+'MATRIZ DE MERCADO LA LT'!J272 -> 107251 | M59: 128 | O59: =+L59/M59 -> 837.89844
C60: Obrero (2) | L60: =+'MATRIZ DE MERCADO LA LT'!J248 -> 107251 | M60: 128 | O60: =+L60/M60 -> 837.89844
C62: SUBTOTAL $ | O62: =SUM(O59:O61) -> 1675.7969
C64: TOTAL COSTO DIRECTO $ | O64: =+O33+O47+O54+O62 -> 3453.449
C65: V. COSTOS INDIRECTOS
C68: Descripción | L68: Porcentaje | M68: Valor Total
C69: ADMINISTRACION | L69: 0.22 | O69: =+$O$64*L69 -> 759.75878
C70: IMPREVISTOS | L70: 0.02 | O70: =+$O$64*L70 -> 69.06898
C71: UTILIDAD | L71: 0.05 | O71: =+$O$64*L71 -> 172.67245
C72: SUBTOTAL $ | O72: =+O64+O69+O70+O71 -> 4454.9492
O73: =IF(H8<>0,G8/H8,"")
C74: Precio Unitario Total Aproximado al peso $ | O74: =+ROUND(O72,0) -> 4455

Sheet 11,4
C3: Código | D3: CCE-EICP-FM-14 | E3: Versión | F3: 2
D7: UNIDAD ADMINISTRATIVA ESPECIAL DE AERONAUTICA CIVIL
L8: VERSIÓN
D10: OBJETO: LOTE 1: REALIZAR EL MANTENIMIENTO LADO AIRE Y LADO TIERRA DEL AEROPUERTO GERARDO TOVAR LOPEZ DE BUENAVENTURA, VALLE DEL CAUCA. | L10: PÁGINA | M10: 1 | N10: DE | O10: 1
D12: ANALISIS DE PRECIOS UNITARIOS
L14: FECHA | M14: DD | N14: MM | O14: AA
M15: 27 | N15: 2 | O15: 2021
C16: ÍTEMS DE LA PROPUESTA ECONÓMICA | I16: ÍTEMS NO PREVISTOS
C20: DATOS ESPECÍFICOS
C22: ÍTEM | D22: DESCRIPCIÓN | M22: UNIDAD | O22: CANTIDAD
C23: 11.4 | D23: MANTENIMIENTO GENERAL DE BATERIA DE BAÑOS INCLUYE DESINFECCIÓN | M23: UND
C24: I. EQUIPO
C27: DESCRIPCIÓN | H27: MARCA | J27: TIPO | L27: TARIFA/HORA | M27: RENDIMIENTO | O27: Vr. UNITARIO
C33: SUBTOTAL $ | O33: =SUM(O28:O32) -> 0
C34: II. MATERIALES
C37: DESCRIPCIÓN | K37: UNIDAD | L37: CANTIDAD | M37: PRECIO UNIT. | O37: Vr. UNITARIO
C38: MANTENIMIIENTO GENERAL DE BATERIA DE BAÑOS INCLUYE DESINFECCIÓN | K38: UND | L38: 1 | M38: =+'MATRIZ DE MERCADO LA LT'!J172 -> 630060 | O38: =+L38*M38 -> 630060
O39: =+L39*M39 -> 0
O42: =+L42*M42 -> 0
O43: =+L43*M43 -> 0
O44: =+L44*O62 -> 0
O46: =+L46*M46 -> 0
C47: SUBTOTAL $ | O47: =SUM(O38:O46) -> 630060
C48: III. TRANSPORTES
C51: MATERIAL | J51: VOL. o PESO | K51: DISTANCIA | L51: M3 o Ton/Km | M51: TARIFA | O51: Vr. UNITARIO
C54: SUBTOTAL $ | O54: =SUM(O52:O53) -> 0
C55: IV. MANO DE OBRA
C58: TRABAJADOR | J58: JORNAL | K58: PRESTACIONES | L58: JORNAL TOTAL | M58: RENDIMIENTO | O58: Vr. UNITARIO
C62: SUBTOTAL $ | O62: =SUM(O59:O61) -> 0
C64: TOTAL COSTO DIRECTO $ | O64: =+O33+O47+O54+O62 -> 630060
C65: V. COSTOS INDIRECTOS
C68: Descripción | L68: Porcentaje | M68: Valor Total
C69: ADMINISTRACION | L69: 0.22 | O69: =+$O$64*L69 -> 138613.2
C70: IMPREVISTOS | L70: 0.02 | O70: =+$O$64*L70 -> 12601.2
C71: UTILIDAD | L71: 0.05 | O71: =+$O$64*L71 -> 31503
C72: SUBTOTAL $ | O72: =+O64+O69+O70+O71 -> 812777.4
O73: =IF(H8<>0,G8/H8,"")
C74: Precio Unitario Total Aproximado al peso $ | O74: =+ROUND(O72,0) -> 812777

Sheet 11,5
C3: Código | D3: CCE-EICP-FM-14 | E3: Versión | F3: 2
D7: UNIDAD ADMINISTRATIVA ESPECIAL DE AERONAUTICA CIVIL
L8: VERSIÓN
D10: OBJETO: LOTE 1: REALIZAR EL MANTENIMIENTO LADO AIRE Y LADO TIERRA DEL AEROPUERTO GERARDO TOVAR LOPEZ DE BUENAVENTURA, VALLE DEL CAUCA. | L10: PÁGINA | M10: 1 | N10: DE | O10: 1
D12: ANALISIS DE PRECIOS UNITARIOS
L14: FECHA | M14: DD | N14: MM | O14: AA
M15: 27 | N15: 2 | O15: 2021
C16: ÍTEMS DE LA PROPUESTA ECONÓMICA | I16: ÍTEMS NO PREVISTOS
C20: DATOS ESPECÍFICOS
C22: ÍTEM | D22: DESCRIPCIÓN | M22: UNIDAD | O22: CANTIDAD
C23: 11.5 | D23: LIMPIEZA PULIDA Y BRILLO DE PISOS GUARDA ESCOBA | M23: M2
C24: I. EQUIPO
C27: DESCRIPCIÓN | H27: MARCA | J27: TIPO | L27: TARIFA/HORA | M27: RENDIMIENTO | O27: Vr. UNITARIO
C33: SUBTOTAL $ | O33: =SUM(O28:O32) -> 0
C34: II. MATERIALES
C37: DESCRIPCIÓN | K37: UNIDAD | L37: CANTIDAD | M37: PRECIO UNIT. | O37: Vr. UNITARIO
C38: LIMPIEZA PULIDA Y BRILLO DE PISOS INCLUYE GUARDA ESCOBA | K38: UND | L38: 1 | M38: =+'MATRIZ DE MERCADO LA LT'!J170 -> 26252.5 | O38: =+L38*M38 -> 26252.5
O39: =+L39*M39 -> 0
O42: =+L42*M42 -> 0
O43: =+L43*M43 -> 0
O44: =+L44*O62 -> 0
O46: =+L46*M46 -> 0
C47: SUBTOTAL $ | O47: =SUM(O38:O46) -> 26252.5
C48: III. TRANSPORTES
C51: MATERIAL | J51: VOL. o PESO | K51: DISTANCIA | L51: M3 o Ton/Km | M51: TARIFA | O51: Vr. UNITARIO
C54: SUBTOTAL $ | O54: =SUM(O52:O53) -> 0
C55: IV. MANO DE OBRA
C58: TRABAJADOR | J58: JORNAL | K58: PRESTACIONES | L58: JORNAL TOTAL | M58: RENDIMIENTO | O58: Vr. UNITARIO
C62: SUBTOTAL $ | O62: =SUM(O59:O61) -> 0
C64: TOTAL COSTO DIRECTO $ | O64: =+O33+O47+O54+O62 -> 26252.5
C65: V. COSTOS INDIRECTOS
C68: Descripción | L68: Porcentaje | M68: Valor Total
C69: ADMINISTRACION | L69: 0.22 | O69: =+$O$64*L69 -> 5775.55
C70: IMPREVISTOS | L70: 0.02 | O70: =+$O$64*L70 -> 525.05
C71: UTILIDAD | L71: 0.05 | O71: =+$O$64*L71 -> 1312.625
C72: SUBTOTAL $ | O72: =+O64+O69+O70+O71 -> 33865.725
O73: =IF(H8<>0,G8/H8,"")
C74: Precio Unitario Total Aproximado al peso $ | O74: =+ROUND(O72,0) -> 33866

Sheet 12,1
E2: UNIDAD ADMINISTRATIVA ESPECIAL DE AERONAUTICA CIVIL | G2: ANÁLISIS DE PRECIOS UNITARIOS
C4: ITEM: | D4: 12.1 | E4: =+'PRESUPUESTO OFICIAL'!G63 -> INSTALACIONES Y/O REPARACIONES ELECTRICAS | I4: UNIDAD: | J4: HORA
C5: I. EQUIPO
C6: DESCRIPCION | F6: UNID | G6: Tarifa/Hora | H6: Rendimiento | I6: Valor Unitario
C7: HERRAMIENTA MENOR | F7: % | H7: 0.1 | I7: =+J38*H7 -> 670.3125
C8: ANDAMIO | F8: semana | G8: =+'MATRIZ DE MERCADO LA LT'!J166 -> 1837.675 | H8: 0.5 | I8: =IF(H8<>0,G8/H8,"") -> 3675.35
I9: =IF(H9<>0,G9/H9,"")
I12: SUB-TOTAL | J12: =SUM(I7:I11) -> 4345.6625
C14: II. MATERIALES
C15: DESCRIPCION | F15: UNID | G15: Precio Unitario | H15: Cantidad | I15: Valor Unitario
I23: SUB-TOTAL | J23: =SUM(I16:I22) -> 0
C25: III. TRANSPORTE
C26: DESCRIPCION | F26: UNID | G26: CANT | H26: VR. PARCIAL | I26: Valor Unitario
I30: SUB-TOTAL | J30: =SUM(I27:I29) -> 0
C32: IV. MANO DE OBRA
C33: DESCRIPCION | F33: Jornal | G33: Prestaciones | H33: Redimiento | I33: Valor Unitario
C34: OBRERO | F34: =+'MATRIZ DE MERCADO LA LT'!J245 -> 53625 | H34: 0.125 | I34: =+F34*H34 -> 6703.125
I38: SUB-TOTAL | J38: =SUM(I34:I37) -> 6703.125
I39: TOTAL COSTO DIRECTO | J39: =+J12+J23+J30+J38 -> 11048.788
G40: ADMINISTRACIÒN | I40: 0.22 | J40: =J39*I40 -> 2430.7333
G41: IMPREVISTOS | I41: 0.02 | J41: =J39*I41 -> 220.97575
G42: UTILIDADES | I42: 0.05 | J42: =J39*I42 -> 552.43938
G43: PRECIO UNITARIO TOTAL APROXIMADO AL PESO | J43: =ROUND(J39+J40+J41+J42,0) -> 14253
C46: NOMBRE DEL PROPONENTE: | H46: Fecha:
C48: FIRMA DEL PROPONENTE: | H48: Licitación No.

Sheet 12,2
E2: UNIDAD ADMINISTRATIVA ESPECIAL DE AERONAUTICA CIVIL | G2: ANÁLISIS DE PRECIOS UNITARIOS
C4: ITEM: | D4: 12.2 | E4: =+'PRESUPUESTO OFICIAL'!G64 -> INSTALACIONES Y/O REPARACIONES HIDRAULICAS Y SANITARIAS | I4: UNIDAD: | J4: HORA
C5: I. EQUIPO
C6: DESCRIPCION | F6: UNID | G6: Tarifa/Hora | H6: Rendimiento | I6: Valor Unitario
C7: HERRAMIENTA MENOR | F7: % | H7: 1 | I7: =+J38*H7 -> 6703.125
I9: =IF(H9<>0,G9/H9,"")
I12: SUB-TOTAL | J12: =SUM(I7:I11) -> 6703.125
C14: II. MATERIALES
C15: DESCRIPCION | F15: UNID | G15: Precio Unitario | H15: Cantidad | I15: Valor Unitario
I23: SUB-TOTAL | J23: =SUM(I16:I22) -> 0
C25: III. TRANSPORTE
C26: DESCRIPCION | F26: UNID | G26: CANT | H26: VR. PARCIAL | I26: Valor Unitario
I30: SUB-TOTAL | J30: =SUM(I27:I29) -> 0
C32: IV. MANO DE OBRA
C33: DESCRIPCION | F33: Jornal | G33: Prestaciones | H33: Redimiento | I33: Valor Unitario
C34: OBRERO | F34: =+'MATRIZ DE MERCADO LA LT'!J245 -> 53625 | H34: 0.125 | I34: =+F34*H34 -> 6703.125
I38: SUB-TOTAL | J38: =SUM(I34:I37) -> 6703.125
I39: TOTAL COSTO DIRECTO | J39: =+J12+J23+J30+J38 -> 13406.25
G40: ADMINISTRACIÒN | I40: 0.22 | J40: =J39*I40 -> 2949.375
G41: IMPREVISTOS | I41: 0.02 | J41: =J39*I41 -> 268.125
G42: UTILIDADES | I42: 0.05 | J42: =J39*I42 -> 670.3125
G43: PRECIO UNITARIO TOTAL APROXIMADO AL PESO | J43: =ROUND(J39+J40+J41+J42,0) -> 17294
C46: NOMBRE DEL PROPONENTE: | H46: Fecha:
C48: FIRMA DEL PROPONENTE: | H48: Licitación No.

Sheet 12,3
E2: UNIDAD ADMINISTRATIVA ESPECIAL DE AERONAUTICA CIVIL | G2: ANÁLISIS DE PRECIOS UNITARIOS
C4: ITEM: | D4: 12.3 | E4: =+'PRESUPUESTO OFICIAL'!G65 -> INSTALACIONES Y/O REPARACIONES MENORES EN EDIFICACIONES | I4: UNIDAD: | J4: HORA
C5: I. EQUIPO
C6: DESCRIPCION | F6: UNID | G6: Tarifa/Hora | H6: Rendimiento | I6: Valor Unitario
C7: HERRAMIENTA MENOR | F7: % | H7: 1 | I7: =+J38*H7 -> 13406.375
I9: =IF(H9<>0,G9/H9,"")
I12: SUB-TOTAL | J12: =SUM(I7:I11) -> 13406.375
C14: II. MATERIALES
C15: DESCRIPCION | F15: UNID | G15: Precio Unitario | H15: Cantidad | I15: Valor Unitario
I23: SUB-TOTAL | J23: =SUM(I16:I22) -> 0
C25: III. TRANSPORTE
C26: DESCRIPCION | F26: UNID | G26: CANT | H26: VR. PARCIAL | I26: Valor Unitario
I30: SUB-TOTAL | J30: =SUM(I27:I29) -> 0
C32: IV. MANO DE OBRA
C33: DESCRIPCION | F33: Jornal | G33: Prestaciones | H33: Redimiento | I33: Valor Unitario
C34: OFICIAL | F34: =+'MATRIZ DE MERCADO LA LT'!J272 -> 107251 | H34: 0.125 | I34: =+F34*H34 -> 13406.375
I38: SUB-TOTAL | J38: =SUM(I34:I37) -> 13406.375
I39: TOTAL COSTO DIRECTO | J39: =+J12+J23+J30+J38 -> 26812.75
G40: ADMINISTRACIÒN | I40: 0.22 | J40: =J39*I40 -> 5898.805
G41: IMPREVISTOS | I41: 0.02 | J41: =J39*I41 -> 536.255
G42: UTILIDADES | I42: 0.05 | J42: =J39*I42 -> 1340.6375
G43: PRECIO UNITARIO TOTAL APROXIMADO AL PESO | J43: =ROUND(J39+J40+J41+J42,0) -> 34588
C46: NOMBRE DEL PROPONENTE: | H46: Fecha:
C48: FIRMA DEL PROPONENTE: | H48: Licitación No.

Sheet 13,1
F2: ANÁLISIS DE PRECIOS UNITARIOS
C3: UNIDAD ADMINISTRATIVA ESPECIAL DE AERONAUTICA CIVIL
G5: item 13,1
B7: =+'PRESUPUESTO OFICIAL'!G73 -> Bolsa de monto agotable para suministro en la instalación y/o reparación de instalaciones eléctricas, hidráulicas – sanitarias y atención de eventualidades en lado tierra | G7: UNIDAD: GLB
B10: Valor BMA 20000785 h4 de 2020 | G10: 56400592
G11: ICCP | H11: 0.0501
B12: Se estima valor para 2021 de acuerdo al Indice de la Construccion Pesada, ademas de las necesidades atendidas en la BMA del contrato 20000785 h4 de 2020, y con respecto al tiempo de ejecucion del presente mantenimeinto que seria 3 veces mayor al anterior, quedando en el valor :
D13: =+G10+(G10*H11) -> 59226262
B15: La BMA se atendera EN PORCENTAJES APROXIMADOS de la siguente manera :
D16: suministro e instalación y/o reparación de instalaciones eléctricas | G16: 0.33 | H16: =ROUND($D$13*G16,0) -> 19544666
D17: suministro e instalación y/o reparación de instalaciones hidráulicas – sanitarias | G17: 0.33 | H17: =ROUND($D$13*G17,0) -> 19544666
D18: atención de eventualidades en lado tierra | G18: 0.34 | H18: =ROUND($D$13*G18,0) -> 20136929
